 Dungeon Crawl Stone Soup version 0.31-a0-995-g04711c9635 (webtiles) character file.

Game seed: 6657648587233106931

17454045 MackTheKnife the Conqueror (level 27, 273/273 HPs)
             Began as a Minotaur Brigand on Nov 5, 2023.
             Was the Champion of Makhleb.
             Escaped with the Orb
             ... and 15 runes on Nov 6, 2023!
             The game lasted 02:57:51 (88798 turns).

MackTheKnife the Conqueror (Minotaur Brigand)      Turns: 88798, Time: 02:57:52

Health: 273/273    AC: 59    Str: 33    XL:     27
Magic:  10/10      EV: 24    Int: 18    God:    Makhleb [******]
Gold:   11175      SH: 35    Dex: 22    Spells: 21/34 levels left

rFire   + + .        c - +10 broad axe of Iriojua {antimagic, +Blink rC++ Str+4 Int+3, axe}
rCold   + + +        d - +8 tower shield {AC+3}
rNeg    + + +        k - +8 orange crystal plate armour {Archmagi, Int+3 Clar, rare=g}
rPois   ∞            B - +0 mask of the Dragon {Will+ Slay+3 SInv}
rElec   +            I - +1 cloak of Bueghedytto {Rampage}
rCorr   +            v - +2 pair of gloves of Fortitude {rF+ rN+ Int+5 Dex-2}
SInv    +            T - +2 pair of boots {Stlth+}
Will    ++++.        X - amulet of Pufriaza {Spirit rElec rPois rCorr Int-5} Stlth
                     M - ring "Peorghugg" {*Slow Fly Str+5 Dex+4 Stlth+}
HPRegen 0.65/turn    O - ring "Vaaseqan" {rPois rF+ AC+4}
MPRegen 0.12/turn

%: slow self (1%), clarity, guardian spirit, rampage, archmagi
@: death-form, flying
A: vile attack, torment immunity, no potions, horns 2, retaliatory headbutt,
iridescent scales 1
0: Orb of Zot
}: 15/15 runes: serpentine, barnacled, slimy, silver, golden, iron, obsidian,
icy, bone, abyssal, demonic, glowing, magical, fiery, dark
a: Siphon Essence, Begin Untransformation, Renounce Religion, Evoke Blink, Minor
Destruction, Lesser Servant of Makhleb, Major Destruction, Greater Servant of
Makhleb


You escaped.
You worshipped Makhleb.
Makhleb was exalted by your worship.
You were an undying horror.
You visited 18 branches of the dungeon, and saw 87 of its levels.
You visited Pandemonium 1 time, and saw 15 of its levels.
You visited the Abyss 2 times.
You also visited: Trove, Gauntlet, Ice Cave and Volcano.

You collected 19385 gold pieces.
You spent 8210 gold pieces at shops.


Innate Abilities, Weirdness & Mutations

You are an undying horror.
Your melee and unarmed attacks drain, slow and weaken victims.
You are immune to unholy pain and torment.
You cannot drink.
You are immune to poison.
You have a pair of horns on your head.
You reflexively headbutt those who attack you in melee.
You are partially covered in iridescent scales. (AC +2)


   Skills:
 O Level 27 Fighting
 - Level 2.1 Short Blades
 O Level 27 Axes
 - Level 1.9(18.1) Maces & Flails
 O Level 27 Throwing
 O Level 27 Armour
 + Level 24.7 Dodging
 - Level 3.2 Stealth
 O Level 27 Shields
 - Level 4.0 Spellcasting
 - Level 12.0 Translocations
 - Level 8.0 Air Magic
 - Level 14.0 Invocations
 - Level 16.0 Evocations
 - Level 23.0 Shapeshifting


You had 21 spell levels left.
You knew the following spells:

 Your Spells              Type           Power      Damage    Failure   Level
a - Manifold Assault      Tloc           63%        N/A       4%          4
b - Apportation           Tloc           100%       N/A       1%          1
c - Passage of Golubria   Tloc           63%        N/A       4%          4
d - Vhi's Electric Charg  Tloc/Air       100%       N/A       11%         4

Your spell library contained the following spells:

 Spells                   Type           Power      Damage    Failure   Level
 Blink                    Tloc           100%       N/A       1%          2
 Gell's Gravitas          Tloc           63%        N/A       1%          3
 Teleport Other           Tloc           63%        N/A       1%          3
 Swiftness                Air            48%        N/A       8%          3
 Momentum Strike          Conj/Tloc      74%        3d10      9%          2
 Shock                    Conj/Air       100%       1d9       13%         1
 Volatile Blastmotes      Fire/Tloc      74%        2d16      17%         3
 Poisonous Vapours        Pois/Air       54%        N/A       19%         2
 Static Discharge         Conj/Air       54%        3-6/arc   19%         2
 Airstrike                Air            24%        2d(4-20)  24%         4
 Cigotuvi's Dreadful Rot  Necr/Pois/Air  38%        N/A       34%         2
 Dimensional Bullseye     Hex/Tloc       18%        N/A       50%         4
 Iskenderun's Mystic Bla  Conj/Tloc      37%        2d9       50%         4
 Kiss of Death            Conj/Necr      20%        2d7       54%         1
 Magic Dart               Conj           20%        1d4       54%         1
 Necrotise                Necr           20%        1d5       54%         1
 Sandblast                Erth           10%        2d5       54%         1
 Slow                     Hex            20%        N/A       54%         1
 Summon Small Mammal      Summ           20%        N/A       54%         1
 Mephitic Cloud           Conj/Pois/Air  19%        N/A       56%         3
 Dispersal                Tloc           31%        N/A       58%         6
 Call Imp                 Summ           10%        N/A       69%         2
 Ensorcelled Hibernation  Hex/Ice        10%        N/A       69%         2
 Jinxbite                 Hex            10%        N/A       69%         2
 Passwall                 Tmut/Erth      4%         N/A       69%         2
 Scorch                   Fire           10%        2d5       69%         2
 Searing Ray              Conj           10%        2d4       69%         2
 Sublimation of Blood     Necr           5%         N/A       69%         2
 Wereblood                Tmut           5%         N/A       69%         2
 Summon Lightning Spire   Summ/Air       27%        N/A       77%         4
 Summon Forest            Summ/Tloc      18%        N/A       83%         5
 Call Canine Familiar     Summ           5%         N/A       89%         3
 Confusing Touch          Hex            5%         N/A       89%         3
 Frozen Ramparts          Ice            10%        1d2       89%         3
 Hailstorm                Conj/Ice       5%         3d4       89%         3
 Ignite Poison            Fire/Tmut/Pois 5%         N/A       89%         3
 Inner Flame              Hex/Fire       5%         N/A       89%         3
 Ozocubu's Armour         Ice            5%         N/A       89%         3
 Sigil of Binding         Hex            5%         N/A       89%         3
 Stone Arrow              Conj/Erth      10%        3d7       89%         3
 Summon Guardian Golem    Hex/Summ       5%         N/A       89%         3
 Vampiric Draining        Necr           5%         2d6       89%         3
 Arcjolt                  Conj/Air       13%        1d23      98%         5
 Silence                  Hex/Air        13%        N/A       98%         5
 Freezing Cloud           Conj/Ice/Air   9%         6-21      99%         5
 Anguish                  Hex/Necr       2%         N/A       100%        4
 Animate Armour           Summ/Erth      10%        N/A       100%        4
 Animate Dead             Necr           5%         N/A       100%        4
 Brom's Barrelling Bould  Conj/Erth      5%         2d3       100%        4
 Cause Fear               Hex            2%         N/A       100%        4
 Dispel Undead            Necr           5%         3d7       100%        4
 Flame Wave               Conj/Fire      5%         2d5       100%        4
 Fulminant Prism          Conj/Hex       2%         3d5       100%        4
 Leda's Liquefaction      Hex/Erth       2%         N/A       100%        4
 Petrify                  Tmut/Erth      5%         N/A       100%        4
 Summon Ice Beast         Ice/Summ       5%         N/A       100%        4
 Agony                    Necr           5%         N/A       100%        5
 Alistair's Intoxication  Tmut/Pois      3%         N/A       100%        5
 Borgnjor's Vile Clutch   Necr/Erth      2%         N/A       100%        5
 Fireball                 Conj/Fire      2%         3d4       100%        5
 Irradiate                Conj/Tmut      2%         3d12      100%        5
 Iskenderun's Battlesphe  Conj           5%         2d6       100%        5
 Lee's Rapid Deconstruct  Erth           2%         3d5*      100%        5
 Metabolic Englaciation   Hex/Ice        2%         N/A       100%        5
 Summon Mana Viper        Hex/Summ       5%         N/A       100%        5
 Yara's Violent Unravell  Hex/Tmut       2%         3d3       100%        5
 Bombard                  Conj/Erth      2%         9d1       100%        6
 Conjure Ball Lightning   Conj/Air       13%        3x3d6     100%        6
 Death Channel            Necr           2%         N/A       100%        6
 Eringya's Noxious Bog    Tmut/Pois      2%         4d6       100%        6
 Plasma Beam              Fire/Air       13%        2x1d24    100%        6
 Simulacrum               Ice/Necr       2%         N/A       100%        6
 Starburst                Conj/Fire      2%         6d3       100%        6
 Summon Cactus Giant      Summ           2%         N/A       100%        6
 Enfeeble                 Hex            2%         N/A       100%        7
 Haunt                    Necr/Summ      2%         N/A       100%        7
 Malign Gateway           Summ/Tloc      18%        N/A       100%        7
 Monstrous Menagerie      Summ           2%         N/A       100%        7
 Orb of Destruction       Conj           2%         9d5       100%        7
 Ozocubu's Refrigeration  Ice            2%         4d8       100%        7
 Spellforged Servitor     Conj/Summ      2%         N/A       100%        7
 Summon Hydra             Summ           2%         N/A       100%        7
 Discord                  Hex            2%         N/A       100%        8
 Disjunction              Tloc           31%        N/A       100%        8
 Lehudib's Crystal Spear  Conj/Erth      2%         10d2      100%        8
 Maxwell's Capacitive Co  Air            24%        ∞         100%        8
 Chain Lightning          Conj/Air       13%        3d18      100%        9
 Fire Storm               Conj/Fire      2%         8d1       100%        9
 Shatter                  Erth           2%         3d6*      100%        9

Inventory:

Hand Weapons
 a - a +9 broad axe of flaming {axe}
   (Okawaru gifted it to you on level 4 of the Lair of Beasts)
 b - a +9 broad axe of freezing {axe}
   (You took it off a vault guard on level 4 of the Vaults)
 c - the +10 broad axe of Iriojua (weapon) {antimagic, +Blink rC++ Str+4 Int+3, axe}
   (You found it in a treasure trove)

   Str+4:     It affects your strength (+4).
   Int+3:     It affects your intelligence (+3).
   rC++:      It greatly protects you from cold.
   +Blink:    It lets you blink.
Missiles
 s - 39 silver javelins (quivered) {throwing}
 G - 15 javelins {throwing}
Armour
 d - a +8 tower shield of protection (worn)
   (You took it off a naga warrior on level 3 of the Snake Pit)
 k - the +8 orange crystal plate armour (worn) {Archmagi, Int+3 Clar, rare=g}
   (You bought it in a shop on level 2 of the Orcish Mines)

   Int+3:     It affects your intelligence (+3).
   Clar:      It protects you from confusion, rage, mesmerisation and fear.
 v - the +2 pair of gloves of Fortitude (worn) {rF+ rN+ Int+5 Dex-2}
   (You found it in a Gauntlet)

   Int+5:     It affects your intelligence (+5).
   Dex-2:     It affects your dexterity (-2).
   rF+:       It protects you from fire.
   rN+:       It protects you from negative energy.
 B - the +0 mask of the Dragon (worn) {Will+ Slay+3 SInv}
   (You acquired it on level 4 of the Lair of Beasts)

   Slay+3:    It affects your accuracy & damage with ranged weapons and melee
   (+3).
   Will+:     It increases your willpower.
   SInv:      It lets you see invisible.
 I - the +1 cloak of Bueghedytto (worn) {Rampage}
   (You found it on level 7 of Tartarus)

   Rampage:   It bestows one free step when moving towards enemies.
 Q - the +4 dragonskin cloak
   (You took it off Tiamat on level 3 of the Realm of Zot)

   Avatar's Aegis: It grants the wearer a chance to resist fire, cold, poison,
   electricity, acid, and negative energy.
 T - a +2 pair of boots of stealth (worn)
   (You found it on level 4 of the Vaults)
 V - a +2 cloak of fire resistance
   (You found it in a volcano)
Jewellery
 g - the ring "Egodoicw" {+Blink Fly rN+ rCorr}
   (You found it on level 3 of the Crypt)

   [ring of positive energy]

   rN+:       It protects you from negative energy.
   Fly:       It grants you flight.
   +Blink:    It lets you blink.
   rCorr:     It protects you from acid and corrosion.
 n - the ring of Reatey {rC+ rN+ Int+7}
   (You found it on level 3 of the Crypt)

   [ring of positive energy]

   Int+7:     It affects your intelligence (+7).
   rC+:       It protects you from cold.
   rN+:       It protects you from negative energy.
 M - the ring "Peorghugg" (left hand) {*Slow Fly Str+5 Dex+4 Stlth+}
   (You found it in an ice cave)

   [ring of flight]

   Str+5:     It affects your strength (+5).
   Dex+4:     It affects your dexterity (+4).
   Fly:       It grants you flight.
   *Slow:     It may slow you when you take damage.
   Stlth+:    It makes you more stealthy.
 O - the ring "Vaaseqan" (right hand) {rPois rF+ AC+4}
   (You found it on level 3 of the Shoals)

   [ring of protection]

   AC+4:      It affects your AC (+4).
   rF+:       It protects you from fire.
   rPois:     It protects you from poison
 S - the ring "Soatur" {Wiz rC+ rCorr Int+9 Stlth-}
   (You found it on level 5 of the Pits of Slime)

   [ring of wizardry]

   Wiz:       It improves your spell success rate.
   Int+9:     It affects your intelligence (+9).
   rC+:       It protects you from cold.
   rCorr:     It protects you from acid and corrosion.
   Stlth-:    It makes you less stealthy.
 X - the amulet of Pufriaza (around neck) {Spirit rElec rPois rCorr Int-5}
   (You found it in a Gauntlet)

   [amulet of guardian spirit]

   Spirit:    It causes incoming damage to be divided between your reserves of
   health and magic.
   Int-5:     It affects your intelligence (-5).
   rElec:     It insulates you from electricity.
   rPois:     It protects you from poison rCorr: It protects you from acid and
   corrosion.
 Y - the amulet of the Burning Gods {Reflect Fragile Dex+3 SH+5}
   (You acquired it in Pandemonium)

   [amulet of reflection]

   Reflect:   It reflects blocked missile attacks.
   Dex+3:     It affects your dexterity (+3).
   Fragile:   It will be destroyed if unequipped.
   SH+5:      It affects your SH (+5).
Talismans
 y - the talisman of death of Neitz (active) {Int+4 Dex+2 SInv}
   (You bought it in a shop on level 2 of the Snake Pit)

   [talisman of death]

   Int+4:     It affects your intelligence (+4).
   Dex+2:     It affects your dexterity (+2).
   SInv:      It lets you see invisible.
Wands
 C - a wand of digging (44)
   (You found it on level 4 of the Dungeon)
 L - a wand of quicksilver (35)
   (You found it on level 8 of the Dungeon)
Scrolls
 e - 7 scrolls of summoning
 h - 10 scrolls of fog
 j - 11 scrolls of poison {!r}
 o - 26 scrolls of teleportation {@r4}
 q - 13 scrolls of immolation {!r!r}
 r - 14 scrolls of fear
 A - 5 scrolls of revelation
 F - 3 scrolls of brand weapon
 H - 6 scrolls of silence {!r}
 J - 2 scrolls of enchant armour
 P - 12 scrolls of blinking {!r}
 W - a scroll of enchant weapon
Potions
 f - 7 potions of ambrosia
 i - 10 potions of cancellation
 l - 2 potions of might
 m - 24 potions of curing {@q1}
 t - a potion of resistance
 w - 3 potions of invisibility
 x - 23 potions of heal wounds {@q2}
 D - 8 potions of enlightenment
 E - 4 potions of mutation {!q}
 K - 3 potions of magic
 R - 3 potions of haste {@q3}
Miscellaneous
 p - a phantom mirror
   (You bought it in a shop on level 10 of the Dungeon)
 u - a box of beasts
   (You bought it in a shop on level 10 of the Dungeon)
 z - a tin of tremorstones (2/2) {throwing}
   (You bought it in a shop on level 10 of the Dungeon)
 N - a lightning rod (4/4)
   (You found it in a Gauntlet)
 U - a phial of floods
   (You bought it in a shop on level 10 of the Dungeon)
 Z - the horn of Geryon
   (You took it off Geryon in the Vestibule of Hell)

Dungeon Overview and Level Annotations

Branches:
Dungeon (15/15)            Temple (1/1) D:6            Lair (5/5) D:9
 Shoals (4/4) Lair:3        Snake (4/4) Lair:2        Slime (5/5) Lair:4
    Orc (2/2) D:10            Elf (3/3) Orc:2        Vaults (5/5) D:13
  Crypt (3/3) Vaults:2       Tomb (3/3) Crypt:3      Depths (4/4) D:15
   Hell (visited)             Dis (7/7) Hell            Geh (7/7) Hell
    Coc (7/7) Hell            Tar (7/7) Hell            Zot (5/5) Depths:4
  IceCv (visited)         Volcano (visited)         Gauntlet (visited)

Altars:
Ashenzari
Cheibriados
Dithmenos
Elyvilon
Fedhas
Gozag
Hepliaklqana
Kikubaaqudgha
Makhleb
Nemelex Xobeh
Okawaru
Qazlal
Ru
Sif Muna
Trog
Uskayaw
Vehumet
Wu Jian
Xom
Yredelemnul
Zin
The Shining One
Jiyva
Lugonu

Shops:
D:6 [   D:10 **   Orc:1 [   Orc:2 =*=[(   Elf:1 *   Elf:2 *   Shoals:3 [
Snake:2 =!**   Snake:3 [(!   Vaults:2 (   Vaults:4 !

Portals:
Hell: Depths:1 Depths:2 Depths:3 Depths:4
Abyss: Shoals:2 Depths:2 Depths:3
Pandemonium: Depths:2 Depths:3
Ziggurat: Depths:2

Annotations:
D:2 Natasha
Shoals:2 1 runed translucent door
Crypt:1 4 transporters, exclusion: orange crystal statue, Dosonout's ghost, veteran FoFi

##................##...##.## #.
##..###..........##...##..## #.
##..##.##.......##...##...####.
##.##.##........'....#8.8#..#.
####..#.###########....#...##.#.
#.........##########...#8.♣##.#.
#.#######.........##...#.÷.#....
##.# #########.##...#8.♣#....
'#.# #>.###z#.##...#...#....
...# ##..#.##..#####♣)♣#....
...# ##..####..# #...#.... ...#
#....# ##.## #♣.♣##### ...#
##....# #..# #...# ...# #.....#
##.# #♣.8# ...# ###...##
#.###...# .#.# ##....# #...#♣.♣#
.#.# #....## ###.#...#


There were no monsters in sight!


Message History

The Orb Guardian misses you.
You hit the Orb Guardian but do no damage.
You block the Orb Guardian's attack.
You slice the Orb Guardian!!
The Orb Guardian decays.
Your headbutt misses the Orb Guardian. You slice the Orb Guardian!!
You kill the Orb Guardian!
Makhleb accepts your kill.
No target in view!
There is a stone staircase leading up here.
You fly upwards.
There is a stone staircase leading down here.
What level of the Dungeon? (default 1, ? - help)
There is an open door here.
There is a stone staircase leading up here.
You fly upwards.
There is a stone staircase leading down, spattered with blood here.
Things that are here:
a +0 leather armour; a +0 flail {mace}
Things that are here:
a +0 scale mail; a +0 flail {mace}
Things that are here:
2 stones {throwing}; a +0 short sword {short} A hellwing comes into view.
The hellwing swoops through the air toward you!
You block the hellwing's attack. The hellwing misses you.
There is a stone staircase leading up here.
You block the hellwing's attack. The hellwing barely misses you.
You fly upwards.
There is a stone staircase leading down, spattered with blood here.
Unknown command.
You hit the hellwing but do no damage.
You headbutt the hellwing, but do no damage.
You hit the hellwing but do no damage. You headbutt the hellwing.
You block the hellwing's attack. x2
You hit the hellwing but do no damage. You headbutt the hellwing!
The hellwing hits you but does no damage.
You block the hellwing's attack.
You chop the hellwing into pieces!!!
You kill the hellwing!
Makhleb accepts your kill.
No target in view!
What level of the Dungeon? (default 1, ? - help)
There is an open door here.
There is a stone staircase leading up here.
You fly upwards.
There is a stone staircase leading down here.
There is a stone staircase leading up here.
You fly upwards.
Level annotation: Natasha
There is a stone staircase leading down here.
There is a stone staircase leading up here.
You fly upwards. 2 sun demons come into view.
There is a stone staircase leading down here.
You rampage towards the sun demon!
A balrug comes into view.
It is wielding a +2 demon whip of draining.
The balrug shouts!
The sun demon shouts!
You rampage towards the sun demon!
You slash the sun demon!
The sun demon decays.
You headbutt the sun demon, but do no damage.
You slash the sun demon!
The sun demon decays.
You headbutt the sun demon, but do no damage.
You block the sun demon's attack.
You miss the sun demon.
You headbutt the sun demon, but do no damage.
You block the sun demon's attack.
You slash the sun demon!
The sun demon decays.
You slice the sun demon!!
You kill the sun demon!
Makhleb accepts your kill.
You barely miss the sun demon. You block the sun demon's attack.
You slash the sun demon!
The sun demon decays.
You slice the sun demon!!
The sun demon decays.
You block the sun demon's attack.
You slice the sun demon!!
You kill the sun demon!
Makhleb accepts your kill.
You completely miss the balrug. You headbutt the balrug.
You block the balrug's attack.
You slice the balrug!!
The balrug decays.
The balrug's magic leaks into the air.
You headbutt the balrug. You block the balrug's attack.
You slice the balrug!!
You kill the balrug!
Makhleb accepts your kill.
No target in view!
No target in view!
No target in view!
No target in view!
No target in view!
No target in view!
No target in view!
Okay, then.
Unknown command.
You see here a +2 demon whip of draining {mace}.
There is an open door here.
There is an open door here.
There is a staircase leading out of the dungeon here.
You have escaped!

Skill      XL: |  1  2  3  4  5  6  7  8  9 10 11 12 13 14 15 16 17 18 19 20 21 22 23 24 25 26 27 |
---------------+----------------------------------------------------------------------------------+-----
Fighting       | 3 4 5 6 8 9 11 12 15 19 20 21 22 27 | 27.0
Maces & Flails | 1 |  1.9
Axes           | 4 6 8 10 13 18 19 21 27 | 27.0
Evocations     | 1 4 5 10 16 | 16.0
Armour         | 6 10 12 19 20 22 27 | 27.0
Dodging        | 6 10 12 14 16 24 | 24.7
Invocations    | 3 8 10 14 | 14.0
Shields        | 6 10 12 15 17 20 27 | 27.0
Shapeshifting  | 7 10 11 13 17 20 23 | 23.0
Throwing       | 3 27 | 27.0
Spellcasting   | 4 |  4.0
Translocations | 12 | 12.0
Air Magic      | 8 |  8.0
Short Blades   | |  2.1
Stealth        | |  3.2

Action                     |  1- 3 |  4- 6 |  7- 9 | 10-12 | 13-15 | 16-18 | 19-21 | 22-24 | 25-27 || total
---------------------------+-------+-------+-------+-------+-------+-------+-------+-------+-------++-------
  Melee: Dagger            |    89 |   107 |       |       |       |       |       |       |       ||   196
         Headbutt          |    12 |    19 |    46 |   125 |   217 |   303 |   262 |   341 |  2937 ||  4262
         War axe           |       |    14 |   314 |   278 |       |       |       |       |       ||   606
         Punch             |       |     1 |     2 |     3 |       |       |       |       |       ||     6
         Battleaxe         |       |       |       |   291 |    69 |       |       |       |       ||   360
         Unarmed           |       |       |       |     3 |       |       |       |       |       ||     3
         Flail             |       |       |       |     3 |       |       |       |       |       ||     3
         Broad axe         |       |       |       |       |   762 |  1051 |   957 |  1011 |  8031 || 11812
  Throw: Dart              |    15 |    31 |    14 |    23 |     2 |       |       |       |       ||    85
         Throwing net      |       |       |     1 |     1 |       |       |       |       |       ||     2
         Javelin           |       |       |       |       |       |       |     1 |       |   211 ||   212
   Cast: Manifold Assault  |       |       |       |       |       |       |       |       |     3 ||     3
 Invoke: Heroism           |       |       |       |       |    14 |    17 |     7 |       |       ||    38
         Receive Weapon    |       |       |       |       |     1 |       |       |       |       ||     1
         Receive Armour    |       |       |       |       |     1 |       |       |       |       ||     1
         Finesse           |       |       |       |       |     5 |     7 |     6 |       |       ||    18
         Greater Servant o |       |       |       |       |       |       |       |       |    23 ||    23
  Evoke: Wand              |       |     1 |     7 |    34 |    15 |     2 |    10 |     1 |     1 ||    71
         Lightning rod     |       |       |       |       |    11 |       |     9 |       |       ||    20
         Box of beasts     |       |       |       |       |       |       |       |       |     5 ||     5
         Phantom mirror    |       |       |       |       |       |       |       |       |     5 ||     5
         Horn of Geryon    |       |       |       |       |       |       |       |       |     1 ||     1
    Use: Scroll            |       |     1 |     5 |    13 |    12 |     5 |    13 |     6 |    30 ||    85
         Potion            |       |     1 |       |     1 |     6 |     2 |     2 |     1 |    37 ||    50
   Stab: Sleeping          |    11 |     1 |       |     2 |     3 |       |       |       |       ||    17
         Distracted        |       |       |       |     1 |       |     1 |       |     1 |    28 ||    31
         Held in net/web   |       |       |       |     1 |       |       |       |       |       ||     1
         Invisible         |       |       |       |       |       |       |       |       |    45 ||    45
 Armour: Robe              |    16 |       |       |       |       |       |       |       |       ||    16
         Leather armour    |    16 |    30 |       |       |       |       |       |       |       ||    46
         Scale mail        |       |    42 |   271 |   278 |       |       |       |       |       ||   591
         Skin              |       |       |       |     4 |       |       |       |       |       ||     4
         Ring mail         |       |       |       |    17 |   241 |       |       |       |       ||   258
         Crystal plate arm |       |       |       |       |   150 |   649 |   604 |   564 |  3152 ||  5119
  Dodge: Dodged            |    33 |    51 |   175 |   316 |   298 |   285 |   303 |   261 |  1737 ||  3459
  Block: Kite shield       |       |       |       |       |   376 |   740 |   659 |   125 |       ||  1900
         Tower shield      |       |       |       |       |       |       |       |   925 |  8159 ||  9084
   Form: Death             |       |       |       |       |       |       |       |       |     5 ||     5
                           |       |       |       |       |       |       |       |       |     4 ||     4

Levels and vault maps discovered:
D:1:      minmay_arrival_jagged, layout_basic, chequers_avenue
D:2:      layout_loops_ring, chequers_jeans, uniq_natasha
D:3:      layout_basic, nicolae_hepliaklqana_ecumenical_no_more,
          chequers_ecumenical_altar_grove, cheibrodos_gnoll_hut, uniq_ijyb
D:4:      layout_gridville
D:5:      layout_rooms, mainiacjoe_overflow_catwalk_spiral,
          lexackson_kobold_supper
D:6:      layout_gridville, temple_statues, serial_shops, kennysheep_mini_moat,
          uniq_menkaure, uniq_blork_the_orc
D:7:      layout_basic, minmay_manual_monstrance, uniq_maggie
D:8:      layout_cave_pools, led_xom_imps, serial_demonic, serial_demonic_g,
          serial_demonic_a, serial_demonic_g, serial_demonic_a,
          serial_demonic_e, serial_demonic_g
D:9:      layout_loops_cross, lair_entry_dummy, uniq_jeremiah
D:10:     layout_loops_corners, tgw_kikubaaqudgha, kennysheep_little_box,
          orc_0_dummy, serial_shops, shop, nicolae_shop_gadgets, uniq_maurice
D:11:     layout_rooms
D:12:     layout_irregular_city, uniq_gastronok
D:13:     layout_irregular_city, david_vaults_1, minmay_holes, uniq_lodul
D:14:     layout_loops_ring, grunt_dithmenos_smoke, enter_trove_0, uniq_frances
D:15:     grunt_enter_depths_hoard, layout_basic, minmay_misc_feat_rugged,
          small_statue_intersection
Temple:   minmay_temple_bridge_d
Lair:1:   layout_small_grid, dreamdust_mushroom_princess, minivault_27,
          uniq_joseph
Lair:2:   beast_lair_carwin_large_4, layout_regular_city,
          minmay_snake_entry_six_corridors
Lair:3:   layout_roguey, shoals_dummy_entry, nicolae_volcano_entry_lava_flow
Lair:4:   layout_gridlike, nicolae_slime_entry_slimehenge,
          gauntlet_entry_generic, guppyfry_lair_drakes
Lair:5:   guppyfry_lair_end_dragon, layout_small_grid, wormcave,
          portal_ice_cave_entry_imps, nzn_sisyphean_effort, uniq_urug
Shoals:1: layout_shoals, nicolae_shoals_square_sea_wall, uniq_nikola
Shoals:2: layout_shoals, ebering_ghost_reflecting_pool,
          nicolae_shoals_abyss_on_the_beach
Shoals:3: layout_shoals, serial_shops, nicolae_shop_tiny_glass
Shoals:4: shoals_end_hellmonk_holy_island
Snake:1:  layout_basic, uniq_mlioglotl
Snake:2:  nicolae_aizul_guard, layout_cave_town, serial_shops,
          nicolae_shop_rolling_square, shop, nicolae_shop_stone,
          nicolae_shop_hallway_stairs, grunt_megastairs_3
Snake:3:  layout_chambers, serial_shops, nicolae_shop_industrial_runoff,
          serial_bayou_lagoon_b, minmay_shoptagon
Snake:4:  grunt_snake_rune_spirals, layout_onion_interference, lemuel_fruit_tree
Slime:1:  layout_caves, basic_altar
Slime:2:  layout_caves, nicolae_slime_crime_time
Slime:3:  layout_caves
Slime:4:  layout_caves
Slime:5:  slime_pit
Orc:1:    orc_temple, layout_diamond_mine, serial_shops, shop,
          nicolae_orc_lava_room, uniq_jorgrun
Orc:2:    grunt_orc_cross, layout_caves, serial_shops, shop, uniq_azrael,
          uniq_donald, uniq_nessos
Elf:1:    dreamdust_wu_jian_sword_trials, layout_loops_ring,
          minmay_elf_demonology, minivault_16, minmay_shop_grid_forest
Elf:2:    elven_hall_of_blades_hangedman_alternative
          [nicolae_blade_entry_hurt_lockers], layout_onion_city, serial_glass,
          glass_columns_b, glass_columns_c, glass_columns_b, glass_columns_a,
          glass_columns_a, glass_columns_b, feat_on_display,
          minmay_strange_pillars, minmay_strange_pillars, due_unseen_surprise,
          nicolae_shop_clearance
Elf:3:    minmay_elf_hall_x, layout_gridlike, basic_altar,
          minmay_curled_crystal, drop_trap, minivault_23, grunt_megastairs_1
Vaults:1: dpeg_vaults_monster_box, ontoclasm_vaults_eye,
          nicolae_vaults_specimen_jars, v_misc_16,
          nicolae_vaults_mini_display_case, nicolae_vaults_heart-shaped_vault,
          nicolae_vaults_weapon_check, layout_vaults_quadrants
Vaults:2: v_alt_pattern_2, nicolae_vaults_theta, nicolae_vaults_sightless_eye,
          hangedman_vaults_nails, nicolae_vaults_stairing_the_circle, v_misc_24,
          nicolae_vaults_circle_grid_b, nicolae_vaults_more_shelving_2,
          nicolae_vaults_trapezoid_2, ontoclasm_vaults_spin, vaults_dpeg_hooks,
          nicolae_vaults_trapezoid_lopsided_3, nicolae_vaults_trapezoid_1,
          nicolae_vaults_tetromino_L_2, minmay_crypt_entry_simple_box,
          layout_vaults_omnicross, serial_shops, shop, serial_glass
Vaults:3: nicolae_vaults_statue_guard, nicolae_vaults_double_plus_3, v_rooms_6,
          nicolae_vaults_disjoint_gnomons, v_misc_1,
          nicolae_vaults_tetromino_Z_2, nicolae_vaults_prndl,
          ontoclasm_vaults_fault, nicolae_vaults_little_squares_6,
          nicolae_vaults_turnstiles, vaults_dpeg_doors,
          ontoclasm_vaults_decontamination,
          nicolae_vaults_windows_and_doors_thing, v_pattern_2,
          ontoclasm_vaults_misaligned, layout_vaults_maze
Vaults:4: st_eye, nicolae_vaults_storage_closets_3, v_rooms_4,
          nicolae_vaults_lightning_bolt, nicolae_vaults_circle_grid_b, v_misc_2,
          nicolae_vaults_little_squares_5, vaults_dpeg_diagonal,
          nicolae_vaults_network_square, nicolae_vaults_trapezoid_layered,
          nicolae_vaults_trapezoid_1, nicolae_vaults_tetromino_T_1, v_rooms_5,
          ontoclasm_vaults_twist, v_misc_11, layout_vaults_omnibox,
          serial_shops, shop
Vaults:5
Crypt:1:  gammafunk_sealed_arena, layout_chaotic_city, basic_altar,
          nzn_ghost_randoct
Crypt:2:  evilmike_wizard_prison, layout_gridlike,
          minmay_guarded_unrand_skullcrusher, uniq_josephina, uniq_sojobo
Crypt:3:  church_of_pain_bobbens, layout_chaotic_city, grunt_megastairs_4,
          uniq_margery
Tomb:1
Tomb:2
Tomb:3
Depths:1: layout_cave_shapes, roderic_lattice_octagonal_star, hell_entry,
          kennysheep_inner_square
Depths:2: grunt_bruiser_brothers, layout_basic, enter_ziggurat_d,
          rand_demon_pan_entry_4, hell_entry, abyss_entry_small_statue_room,
          serial_bayou_shore_b, uniq_aizul
Depths:3: grunt_house_of_mirrors, layout_gridville, hell_entry,
          abyss_entry_crystal, pan_entry, eino_small_chamber_without_monster,
          nicolae_vehumet_radiance
Depths:4: grunt_crosshair, layout_basic, grunt_mini_vestibule,
          nicolae_uskayaw_en_pointe, serial_bayou, serial_bayou_pond_e,
          serial_bayou_ford_a, serial_bayou_crossing, serial_bayou_pond_d,
          uniq_parghit, uniq_vv, uniq_saint_roka
Hell
Dis:1:    hangedman_dis_monolith, layout_regular_city
Dis:2:    layout_gridville
Dis:3:    layout_regular_city, lemuel_mystery_crypt
Dis:4:    layout_regular_city, nicolae_dis_lava_storage_tank,
          minmay_strange_pillars, nicolae_hells_seeping_fissure
Dis:5:    layout_jigsaw
Dis:6:    layout_regular_city
Dis:7:    dis_grunt_layers
Geh:1:    layout_gehenna_lava_caves
Geh:2:    layout_gehenna_pools_box
Geh:3:    nicolae_geh_lava_swirls, layout_gehenna_pools_basic,
          nicolae_geh_isolated_escape
Geh:4:    layout_gehenna_lava_caves
Geh:6:    layout_gehenna_pools_box
Geh:7:    geh_hangedman
Coc:1:    layout_cocytus_delve
Coc:2:    layout_ice_bergs
Coc:3:    layout_cocytus_water_paths
Coc:4:    layout_cocytus_water_paths
Coc:5:    layout_cocytus_delve
Coc:6:    layout_ice_bergs
Coc:7:    coc_hangedman
Tar:1:    layout_grid_maze
Tar:2:    layout_grid_maze, lemuel_nasty_fountain
Tar:3:    layout_catacombs, nicolae_tar_cuneiform_sun
Tar:4:    layout_grid_maze
Tar:5:    layout_grid_maze
Tar:6:    layout_grid_maze, grunt_tartarus_stairs_gauntlet_trap
Tar:7:    tar_minmay_river
Zot:1:    layout_concentric_octagons
Zot:2:    ebering_greatest_show_in_zot, layout_gridlike, grunt_ministairs_10,
          st_large_dragon_hoard_4
Zot:3:    layout_basic, regret_index_zotdec_banners, uniq_tiamat
Zot:4:    kennysheep_blocky_room, layout_gridlike
Zot:5:    layout_basic

Notes
Turn   | Place    | Note
-------+----------+-------------------------------------------
     0 | D:1      | MackTheKnife the Minotaur Brigand began the quest for the
                  | Orb.
     0 | D:1      | Reached XP level 1. HP: 18/18 MP: 0/0
     0 | D:1      | magus.rc [v1.9.6]
   116 | D:1      | Reached skill level 3 in Fighting
   346 | D:1      | Reached XP level 2. HP: 23/26 MP: 1/1
   495 | D:1      | Reached skill level 4 in Fighting
   534 | D:1      | You pick up a book of Scorching and begin reading...
   534 | D:1      | You add the spells Scorch, Flame Wave and Summon Cactus
                  | Giant to your library.
   715 | D:1      | Reached XP level 3. HP: 33/33 MP: 2/2
  1210 | D:2      | Reached skill level 5 in Fighting
  1330 | D:2      | Noticed Natasha
  1709 | D:2      | Reached XP level 4. HP: 42/42 MP: 3/3
  2110 | D:3      | Reached skill level 6 in Fighting
  2159 | D:3      | Reached skill level 1 in Maces & Flails
  2159 | D:3      | Reached XP level 5. HP: 36/50 MP: 4/4
  2445 | D:3      | Found a faded altar of an unknown god.
  2464 | D:3      | Found a hazy altar of Hepliaklqana.
  2464 | D:3      | Found a faded altar of an unknown god.
  2511 | D:3      | Noticed Ijyb
  2523 | D:3      | Killed Ijyb
  2524 | D:3      | Reached skill level 1 in Axes
  2741 | D:3      | Reached skill level 2 in Axes
  2885 | D:3      | Found a faded altar of an unknown god.
  3091 | D:4      | Noticed a black bear
  3105 | D:4      | Killed a black bear
  3106 | D:4      | Reached skill level 4 in Axes
  3106 | D:4      | Reached XP level 6. HP: 57/57 MP: 5/5
  3381 | D:4      | Reached skill level 5 in Axes
  3424 | D:4      | magus.rc [v1.9.6]
  3485 | D:4      | Reached skill level 6 in Axes
  3563 | D:4      | Reached XP level 7. HP: 63/63 MP: 6/6
  3912 | D:4      | Reached skill level 7 in Axes
  4068 | D:5      | Entered Level 5 of the Dungeon
  4270 | D:5      | Found an ornate altar of the Wu Jian Council.
  4272 | D:5      | Found a burning altar of Makhleb.
  4449 | D:5      | magus.rc [v1.9.6]
  4563 | D:5      | Reached skill level 8 in Axes
  4582 | D:5      | Reached skill level 1 in Evocations
  4695 | D:5      | Reached XP level 8. HP: 70/71 MP: 7/7
  4861 | D:5      | You add the spells Gell's Gravitas, Teleport Other and
                  | Dispersal to your library.
  5003 | D:5      | You pick up a book of Debilitation and begin reading...
  5003 | D:5      | You add the spells Slow, Sigil of Binding, Vampiric
                  | Draining and Confusing Touch to your library.
  5044 | D:6      | Noticed Blork the orc
  5054 | D:6      | Killed Blork the orc
  5055 | D:6      | Reached skill level 2 in Evocations
  5132 | D:5      | magus.rc [v1.9.6]
  5176 | D:6      | Reached skill level 9 in Axes
  5315 | D:5      | Reached skill level 3 in Evocations
  5419 | D:6      | Identified the +1 robe of Haqor {-Cast rPois Regen+ Stlth+}
  5804 | D:6      | Reached skill level 10 in Axes
  5804 | D:6      | Reached skill level 4 in Evocations
  5900 | D:6      | Found Ceshrolo's Armour Shop.
  5903 | D:6      | Bought a +0 pair of boots for 49 gold pieces
  5903 | D:6      | Bought a +0 pair of gloves for 49 gold pieces
  6092 | D:6      | Found a staircase to the Ecumenical Temple.
  6099 | D:6      | Identified the +0 cloak of Infinity {Regen+}
  6117 | Temple   | Entered the Ecumenical Temple
  6190 | Temple   | Became a worshipper of Warmaster Okawaru
  6330 | D:6      | Reached XP level 9. HP: 60/78 MP: 8/8
  6395 | D:6      | Reached skill level 5 in Evocations
  6598 | D:6      | Reached * piety under Okawaru
  6599 | D:6      | Reached skill level 11 in Axes
  6619 | D:6      | Reached skill level 12 in Axes
  6707 | D:5      | Reached skill level 7 in Fighting
  6845 | D:6      | Reached ** piety under Okawaru
  7154 | D:6      | Noticed Menkaure
  7157 | D:6      | Killed Menkaure
  7231 | D:7      | Reached skill level 8 in Fighting
  7362 | D:7      | You add the spells Cigotuvi's Dreadful Rot, Ignite Poison
                  | and Freezing Cloud to your library.
  7395 | D:7      | You pick up a book of Geomancy and begin reading...
  7395 | D:7      | You add the spells Sandblast, Passwall, Stone Arrow and
                  | Brom's Barrelling Boulder to your library.
  7450 | D:7      | Reached skill level 13 in Axes
  7494 | D:7      | Noticed a boulder beetle
  7516 | D:7      | Reached XP level 10. HP: 75/89 MP: 9/9
  7523 | D:7      | Killed a boulder beetle
  7523 | D:7      | Reached *** piety under Okawaru
  7524 | D:7      | Reached skill level 9 in Fighting
  7608 | D:7      | Noticed Maggie
  7617 | D:7      | Killed Maggie
  7618 | D:7      | Reached skill level 14 in Axes
  8105 | D:8      | Reached skill level 15 in Axes
  8264 | D:8      | Reached **** piety under Okawaru
  8269 | D:8      | You pick up a book of Alchemy and begin reading...
  8269 | D:8      | You add the spells Sublimation of Blood, Petrify and
                  | Irradiate to your library.
  8353 | D:8      | Reached skill level 16 in Axes
  8377 | D:8      | Found a shimmering altar of Xom.
  8583 | D:8      | Reached skill level 17 in Axes
  8968 | D:9      | Reached skill level 18 in Axes
  9003 | D:9      | Noticed Jeremiah
  9014 | D:9      | Killed Jeremiah
  9014 | D:9      | Reached ***** piety under Okawaru
  9139 | D:9      | Reached XP level 11. HP: 97/97 MP: 10/10
  9306 | D:9      | Found a staircase to the Lair.
  9426 | D:9      | Reached skill level 19 in Axes
  9639 | D:10     | Entered Level 10 of the Dungeon
  9708 | D:10     | Found Gyddik's General Store.
  9716 | D:10     | Bought 3 scrolls of identify for 90 gold pieces
  9764 | D:10     | Found Duughyr's Gadget Gallery.
  9796 | D:10     | Reached skill level 1 in Armour
  9961 | D:10     | Found a staircase to the Orcish Mines.
  9982 | D:10     | Reached skill level 2 in Dodging
 10010 | D:10     | Received a gift from Okawaru
 10011 | D:10     | Reached skill level 2 in Armour
 10092 | D:10     | Found an ancient bone altar of Kikubaaqudgha.
 10283 | D:10     | Found a basalt altar of Yredelemnul.
 10315 | D:10     | Noticed Maurice
 10328 | D:10     | Something stole 314 gold
 10330 | D:10     | Something stole a +4 trident of draining {polearm}
 10332 | D:10     | Something stole 34 poisoned darts {throwing}
 10370 | D:10     | Killed Maurice
 10401 | D:10     | Reached skill level 3 in Armour
 10401 | D:10     | Reached skill level 3 in Dodging
 10414 | D:10     | Reached skill level 10 in Fighting
 10606 | Lair:1   | Entered Level 1 of the Lair of Beasts
 10835 | Lair:1   | Noticed Joseph
 10842 | Lair:1   | Killed Joseph
 10843 | Lair:1   | Reached skill level 4 in Armour
 10843 | Lair:1   | Reached skill level 4 in Dodging
 11346 | Lair:1   | Reached skill level 5 in Armour
 11372 | Lair:2   | Noticed a catoblepas
 11373 | Lair:2   | Noticed a seven-headed hydra
 11401 | Lair:2   | Noticed an eight-headed hydra
 11409 | Lair:1   | Reached skill level 5 in Dodging
 11452 | Lair:1   | Killed a catoblepas
 11453 | Lair:1   | Reached skill level 11 in Fighting
 11535 | Lair:2   | Killed a seven-headed hydra
 11535 | Lair:2   | Received a gift from Okawaru
 11546 | Lair:2   | Reached skill level 6 in Armour
 11749 | Lair:2   | Reached skill level 6 in Dodging
 11806 | Lair:2   | Reached XP level 12. HP: 103/110 MP: 11/11
 11931 | Lair:2   | Reached skill level 7 in Armour
 12019 | Lair:2   | Received a gift from Okawaru
 12279 | Lair:2   | Reached skill level 12 in Fighting
 12279 | Lair:2   | Reached skill level 7 in Dodging
 12292 | Lair:2   | Found a staircase to the Snake Pit.
 12382 | Lair:2   | Reached skill level 8 in Armour
 12576 | Lair:3   | Reached skill level 8 in Dodging
 12588 | Lair:3   | Found a dark tunnel.
 12613 | Lair:3   | Found a staircase to the Shoals.
 12628 | Volcano  | Entered a volcano
 12641 | Volcano  | Noticed a two-headed ogre
 12684 | Volcano  | Reached skill level 9 in Armour
 12698 | Volcano  | Killed a two-headed ogre
 12698 | Volcano  | Received a gift from Okawaru
 12910 | Lair:3   | Reached skill level 9 in Dodging
 13112 | Lair:3   | Noticed a boulder beetle
 13120 | Lair:3   | Killed a boulder beetle
 13121 | Lair:3   | Reached skill level 10 in Armour
 13193 | Lair:3   | You pick up a book of Beasts and begin reading...
 13618 | Lair:4   | Reached skill level 10 in Dodging
 13633 | Lair:4   | Found a viscous altar of Jiyva.
 13633 | Lair:4   | Found a staircase to the Slime Pits.
 13653 | Lair:4   | Noticed a death yak
 13686 | Lair:4   | Killed a death yak
 13687 | Lair:4   | Reached skill level 1 in Invocations
 13755 | Lair:4   | Received a gift from Okawaru
 13756 | Lair:4   | Reached skill level 2 in Invocations
 13799 | Lair:4   | Noticed a seven-headed hydra
 13809 | Lair:4   | Killed a seven-headed hydra
 13810 | Lair:4   | Reached skill level 3 in Invocations
 13824 | Lair:4   | Found a gate leading to a gauntlet.
 13838 | Gauntlet | Entered a Gauntlet
 13838 | Gauntlet | Found a transporter.
 13838 | Gauntlet | Found a transporter.
 13838 | Gauntlet | Found a transporter.
 13839 | Gauntlet | Found a transporter.
 13840 | Gauntlet | Found a transporter.
 13841 | Gauntlet | Found a large runed translucent door.
 13842 | Gauntlet | Found a large runed translucent door.
 13843 | Gauntlet | Found a large runed translucent door.
 13843 | Gauntlet | Found a large runed translucent door.
 13843 | Gauntlet | Found a transporter.
 13843 | Gauntlet | Found a runed translucent door.
 13844 | Gauntlet | Found a large runed translucent door.
 13845 | Gauntlet | Found a large runed translucent door.
 13846 | Gauntlet | Found a large runed translucent door.
 13846 | Gauntlet | Found a large runed translucent door.
 13847 | Gauntlet | Found a runed translucent gate.
 13847 | Gauntlet | Found a runed translucent gate.
 13849 | Gauntlet | Found a transporter.
 13852 | Gauntlet | Found a transporter.
 13854 | Gauntlet | Found a transporter.
 13855 | Gauntlet | Found a runed translucent gate.
 13855 | Gauntlet | Found a transporter.
 13855 | Gauntlet | Found a runed translucent door.
 13861 | Gauntlet | Noticed a hell hog
 13862 | Gauntlet | Found a transporter.
 13864 | Gauntlet | Found a transporter.
 13886 | Gauntlet | Found a runed translucent door.
 13942 | Gauntlet | Found a large runed translucent door.
 13943 | Gauntlet | Found a large runed translucent door.
 13944 | Gauntlet | Found a large runed translucent door.
 13944 | Gauntlet | Found a large runed translucent door.
 13945 | Gauntlet | Found a large runed translucent door.
 13946 | Gauntlet | Found a large runed translucent door.
 13947 | Gauntlet | Found a large runed translucent door.
 13947 | Gauntlet | Found a large runed translucent door.
 14046 | Gauntlet | Reached XP level 13. HP: 115/118 MP: 14/14
 14066 | Gauntlet | Identified the +2 pair of gloves of Fortitude {rF+ rN+
                  | Int+5 Dex-2}
 14110 | Gauntlet | Reached skill level 4 in Invocations
 14190 | Gauntlet | Reached skill level 5 in Invocations
 14201 | Gauntlet | You pick up a book of Party Tricks and begin reading...
 14201 | Gauntlet | You add the spells Apportation, Jinxbite and Alistair's
                  | Intoxication to your library.
 14319 | Gauntlet | Identified the +9 trident of Ogalak {drain, rF++ rC+ Str+2}
 14319 | Gauntlet | Noticed a minotaur
 14347 | Gauntlet | Killed a minotaur
 14432 | Gauntlet | Identified the +1 spear of Annoyance {heavy, rPois rF+}
 14432 | Gauntlet | Identified the amulet of Pufriaza {Spirit rElec rPois rCorr
                  | Int-5}
 14433 | Gauntlet | You pick up a book of Vapours and begin reading...
 14433 | Gauntlet | You add the spells Poisonous Vapours and Mephitic Cloud to
                  | your library.
 14484 | Lair:4   | Identified 2 scrolls of acquirement
 14485 | Lair:4   | Acquired a manual of Fighting
 14487 | Lair:4   | Acquired the +0 mask of the Dragon {Will+ Slay+3 SInv}
 14487 | Lair:4   | Found the +0 mask of the Dragon {Will+ Slay+3 SInv}
 14575 | Lair:4   | Reached skill level 6 in Invocations
 14755 | Lair:4   | Reached ****** piety under Okawaru
 14755 | Lair:4   | Received a gift from Okawaru
 14757 | Lair:4   | Reached skill level 13 in Fighting
 14854 | Lair:4   | Acquired a +5 broad axe of flaming
 14854 | Lair:4   | Received a gift from Okawaru
 14856 | Lair:4   | Acquired the +2 kite shield "Tiut Ukh" {Slay+3}
 14856 | Lair:4   | Received a gift from Okawaru
 14907 | Lair:4   | Reached skill level 1 in Shields
 14995 | Lair:4   | Identified the blade talisman of the Candlemaker {*Corrode
                  | rF+ Int+2 Dex+8}
 15028 | Lair:4   | Reached skill level 2 in Shields
 15352 | Lair:5   | Entered Level 5 of the Lair of Beasts
 15357 | Lair:5   | Reached skill level 14 in Fighting
 15359 | Lair:5   | Reached skill level 3 in Shields
 15387 | Lair:5   | Reached skill level 7 in Invocations
 15396 | Lair:5   | Reached skill level 4 in Shields
 15404 | Lair:5   | Received a gift from Okawaru
 15546 | Lair:5   | Reached skill level 15 in Fighting
 15578 | Lair:5   | Reached skill level 5 in Shields
 15751 | Lair:5   | Found a frozen archway.
 15787 | Lair:5   | Reached skill level 8 in Invocations
 15805 | IceCv    | Entered an ice cave
 15923 | IceCv    | Received a gift from Okawaru
 15924 | IceCv    | Reached skill level 6 in Shields
 16035 | IceCv    | Reached XP level 14. HP: 136/136 MP: 19/19
 16082 | IceCv    | Found the +15 Maxwell's patent armour {-Cast -Tele rElec
                  | Will+ rCorr}
 16441 | IceCv    | Reached skill level 16 in Fighting
 16554 | IceCv    | Identified the ring "Eloir" {rC+ rN+ MP+9}
 16564 | IceCv    | Identified the ring "Peorghugg" {*Slow Fly Str+5 Dex+4
                  | Stlth+}
 16738 | Lair:5   | Reached skill level 7 in Shields
 16965 | Lair:5   | Reached skill level 9 in Invocations
 16972 | Lair:5   | Received a gift from Okawaru
 16973 | Lair:5   | Reached skill level 17 in Fighting
 17055 | Lair:5   | Noticed Urug
 17061 | Lair:5   | Killed Urug
 17064 | Lair:5   | Reached skill level 8 in Shields
 17339 | Lair:5   | Found a runed translucent door.
 17456 | Lair:5   | Paralysed by a hornet for 2 turns
 17916 | Lair:5   | Received a gift from Okawaru
 18011 | Lair:5   | Reached skill level 18 in Fighting
 18011 | Lair:5   | Reached skill level 9 in Shields
 18649 | Orc:1    | Entered Level 1 of the Orcish Mines
 18649 | Orc:1    | Found Eschofip's Antique Armour Shoppe.
 18721 | Orc:1    | Reached skill level 10 in Invocations
 18832 | Orc:1    | Noticed an orc warlord
 18855 | Orc:1    | Killed an orc warlord
 19103 | Orc:1    | Paralysed by an orc sorcerer for 3 turns
 19226 | Orc:1    | Reached skill level 10 in Shields
 19499 | Orc:1    | Noticed Jorgrun
 19511 | Orc:1    | Killed Jorgrun
 19512 | Orc:1    | Reached skill level 19 in Fighting
 19653 | Orc:2    | Entered Level 2 of the Orcish Mines
 19659 | Orc:2    | Noticed Nessos
 19660 | Orc:2    | Received a gift from Okawaru
 19662 | Orc:2    | Nessos changed into Nessos the harpy
 19662 | Orc:2    | Noticed Nessos
 19692 | Orc:2    | Found Siob's Jewellery Shoppe.
 19702 | Orc:2    | Killed Nessos the harpy
 19733 | Orc:2    | Reached XP level 15. HP: 149/152 MP: 21/21
 19800 | Orc:2    | Found a staircase to the Elven Halls.
 19815 | Orc:2    | Noticed Saint Roka
 20069 | Orc:2    | Noticed Donald
 20082 | Orc:2    | Reached skill level 11 in Shields
 20247 | Orc:2    | Killed Saint Roka
 20247 | Orc:2    | Received a gift from Okawaru
 20259 | Orc:2    | Killed Donald
 20266 | Orc:2    | Noticed Azrael
 20276 | Orc:2    | Killed Azrael
 20404 | Orc:2    | Found Huogyec's Antique Weapon Shoppe.
 20424 | Orc:2    | Found Zusid's Antique Armour Shoppe.
 20490 | Orc:2    | Found Meam's Jewellery Shoppe.
 20507 | Orc:2    | Found Keazuakko's General Store.
 20514 | Orc:2    | Bought the +8 orange crystal plate armour {Archmagi, Int+3
                  | Clar} for 1734 gold pieces
 20514 | Orc:2    | k - the +8 orange crystal plate armour {Archmagi, Int+3
                  | Clar, rare=g}
 20514 | Orc:2    | Found the +8 orange crystal plate armour {Archmagi, Int+3
                  | Clar, rare=g}
 20524 | Orc:2    | You finish putting on the +8 orange crystal plate armour
                  | {Archmagi, Int+3 Clar, rare=g}.
 20825 | Orc:2    | magus.rc [v1.9.6]
 20955 | D:11     | Reached skill level 20 in Fighting
 21122 | D:11     | You pick up a book of Annihilations and begin reading...
 21122 | D:11     | You add the spells Chain Lightning, Fire Storm and Shatter
                  | to your library.
 21190 | D:11     | Reached skill level 12 in Shields
 21838 | D:12     | Noticed Gastronok
 21844 | D:12     | Killed Gastronok
 21845 | D:12     | Reached skill level 11 in Armour
 21981 | D:12     | Received a gift from Okawaru
 22203 | D:13     | Reached skill level 20 in Axes
 22228 | D:13     | Identified the flux talisman of Birdsong {rF+ rN+ Will+}
 22329 | D:13     | Identified the +1 robe of the First Wishes {rC+ Archmagi}
 22484 | D:13     | Found a gate to the Vaults.
 22710 | D:13     | You add the spells Borgnjor's Vile Clutch and Eringya's
                  | Noxious Bog to your library.
 22779 | D:13     | Noticed Lodul
 22791 | D:13     | Killed Lodul
 22792 | D:13     | Reached skill level 12 in Armour
 22936 | D:14     | Found a shadowy altar of Dithmenos.
 22984 | D:14     | Noticed Frances
 22998 | D:14     | Killed Frances
 22998 | D:14     | Received a gift from Okawaru
 22999 | D:14     | Reached skill level 21 in Axes
 23520 | D:14     | Found a portal to a secret trove of treasure.
 23682 | D:15     | Entered Level 15 of the Dungeon
 23950 | D:15     | Found a staircase to the Depths.
 24086 | D:15     | Reached XP level 16. HP: 154/162 MP: 22/22
 24114 | D:15     | Reached skill level 13 in Armour
 24116 | D:15     | Reached skill level 13 in Shields
 24265 | D:15     | Acquired a manual of Armour
 24382 | D:15     | Received a gift from Okawaru
 25087 | Snake:1  | Entered Level 1 of the Snake Pit
 25092 | Snake:1  | Reached skill level 14 in Armour
 25121 | Snake:1  | You pick up a book of Necromancy and begin reading...
 25121 | Snake:1  | You add the spells Necrotise and Agony to your library.
 25407 | Snake:1  | Noticed Mlioglotl
 25420 | Snake:1  | Killed Mlioglotl
 25438 | Snake:1  | Reached skill level 14 in Shields
 25461 | Snake:1  | Reached skill level 15 in Armour
 25534 | Snake:1  | You pick up a book of Storms and begin reading...
 25534 | Snake:1  | You add the spells Static Discharge and Airstrike to your
                  | library.
 25926 | Snake:1  | Upgraded the game from 0.31-a0-988-g08d55dae12 to
                  | 0.31-a0-995-g04711c9635
 25926 | Snake:1  | magus.rc [v1.9.6]
 25926 | Snake:1  | magus.rc [v1.9.6]
 26221 | Snake:2  | Found Zutzi's Distillery.
 26230 | Snake:2  | Bought a potion of heal wounds for 65 gold pieces
 26230 | Snake:2  | Bought a potion of might for 52 gold pieces
 26230 | Snake:2  | Bought a potion of brilliance for 52 gold pieces
 26409 | Snake:2  | Found Apsu's Assorted Antiques.
 26428 | Snake:2  | Reached skill level 16 in Armour
 26431 | Snake:2  | Received a gift from Okawaru
 26527 | Snake:2  | Bought a blue potion for 26 gold pieces
 26527 | Snake:2  | Bought a scroll of teleportation for 87 gold pieces
 26580 | Snake:2  | Reached skill level 15 in Shields
 26597 | Snake:2  | Identified the serpent talisman of Mezcal {Will++}
 26597 | Snake:2  | Noticed Aizul
 26604 | Snake:2  | Killed Aizul
 26605 | Snake:2  | Reached skill level 17 in Armour
 26796 | Snake:2  | Identified the +1 leather armour of Mimeiw {Fly rF- MP+9
                  | Int+3}
 26855 | Snake:2  | Found Joeha Usupu's Assorted Antiques.
 26860 | Snake:2  | Bought a scroll of revelation for 157 gold pieces
 26860 | Snake:2  | Bought a scroll of revelation for 157 gold pieces
 26888 | Snake:2  | Received a gift from Okawaru
 26889 | Snake:2  | Reached skill level 18 in Armour
 28305 | Snake:2  | Found Oxob's Jewellery Shoppe.
 28691 | Snake:3  | Found Ithrimi's Distillery.
 28701 | Snake:3  | Bought a potion of might for 72 gold pieces
 28712 | Snake:3  | Found Yjoshoa's Antique Weapon Boutique.
 28712 | Snake:3  | Found Ananuh's Armour Shop.
 28776 | Snake:3  | You pick up a book of Sloth and begin reading...
 28776 | Snake:3  | You add the spells Frozen Ramparts and Metabolic
                  | Englaciation to your library.
 28865 | Snake:3  | Reached skill level 19 in Armour
 28996 | Snake:3  | Reached XP level 17. HP: 164/170 MP: 23/23
 29011 | Snake:3  | Reached skill level 6 in Evocations
 29083 | Snake:3  | Received a gift from Okawaru
 29158 | Snake:3  | You pick up a book of Burglary and begin reading...
 29158 | Snake:3  | You add the spells Ensorcelled Hibernation and Swiftness to
                  | your library.
 29608 | Snake:3  | Reached skill level 20 in Armour
 29941 | Snake:4  | Identified the of Nalig
 29941 | Snake:4  | Identified the "Tefah"
 29941 | Snake:4  | Entered Level 4 of the Snake Pit
 29982 | Snake:4  | Reached skill level 7 in Evocations
 30210 | Snake:4  | Reached skill level 8 in Evocations
 30573 | Snake:4  | Reached skill level 9 in Evocations
 30699 | Snake:4  | Received a gift from Okawaru
 30929 | Snake:4  | Reached skill level 10 in Evocations
 31274 | Snake:4  | Received a gift from Okawaru
 31278 | Snake:4  | Got a serpentine rune of Zot
 31988 | Snake:4  | Reached XP level 18. HP: 171/180 MP: 24/24
 32196 | Shoals:1 | Entered Level 1 of the Shoals
 32196 | Shoals:1 | Found the +3 warlock's mirror {omnireflect}
 32302 | Shoals:1 | Reached skill level 11 in Dodging
 32828 | Shoals:1 | Noticed Nikola
 32842 | Shoals:1 | Killed Nikola
 32846 | Shoals:1 | Received a gift from Okawaru
 32848 | Shoals:1 | Reached skill level 16 in Shields
 33369 | Shoals:2 | Found a runed translucent door.
 33680 | Shoals:2 | Found a runed translucent door.
 33681 | Shoals:2 | Identified the +5 dagger "Beetlebane" {freeze, Stlth+}
 33685 | Shoals:2 | Noticed Fubbytz's ghost (journeyman SpEn)
 33708 | Shoals:2 | Killed Fubbytz's ghost
 33731 | Shoals:2 | You pick up a book of Minor Magic and begin reading...
 34178 | Shoals:2 | Found a corrupted altar of Lugonu.
 34178 | Shoals:2 | Found a one-way gate to the infinite horrors of the Abyss.
 34270 | Shoals:3 | Reached skill level 21 in Fighting
 34331 | Shoals:3 | Found Faxkon's Antique Armour Shoppe.
 34508 | Shoals:3 | Reached skill level 12 in Dodging
 34511 | Shoals:3 | Identified the ring "Vaaseqan" {rPois rF+ AC+4}
 34963 | Shoals:4 | Entered Level 4 of the Shoals
 34967 | Shoals:4 | Received a gift from Okawaru
 34987 | Shoals:4 | Found a glowing golden altar of the Shining One.
 35118 | Shoals:4 | Identified the +6 rapier of the Final Decision {heavy,
                  | rElec Will- Stlth+}
 35123 | Shoals:4 | Got a barnacled rune of Zot
 35129 | Shoals:4 | You pick up a book of Power and begin reading...
 35129 | Shoals:4 | You add the spells Iskenderun's Battlesphere and Bombard to
                  | your library.
 35265 | Shoals:4 | Reached skill level 17 in Shields
 35281 | Shoals:4 | Received a gift from Okawaru
 35837 | Shoals:4 | Found a white marble altar of Elyvilon.
 36110 | Shoals:4 | Reached XP level 19. HP: 190/190 MP: 25/25
 36113 | Shoals:4 | Reached skill level 13 in Dodging
 36165 | Shoals:4 | Found a glowing silver altar of Zin.
 36183 | Shoals:4 | Identified the ring "Ojoq" {Fly rC- Str-5 Int+3 Dex+7}
 36762 | Vaults:1 | Entered Level 1 of the Vaults
 36886 | Vaults:1 | Received a gift from Okawaru
 36939 | Vaults:1 | Reached skill level 22 in Fighting
 37151 | Vaults:1 | Reached skill level 18 in Shields
 37293 | Vaults:1 | Reached skill level 14 in Dodging
 37384 | Vaults:1 | Received a gift from Okawaru
 37577 | Vaults:1 | Reached skill level 19 in Shields
 37998 | Vaults:1 | Received a gift from Okawaru
 38072 | Vaults:1 | Reached skill level 20 in Shields
 38466 | Crypt:2  | Identified the "Roloiro"
 38466 | Elf:1    | Identified the of Esagg
 38466 | Elf:1    | Entered Level 1 of the Elven Halls
 38579 | Elf:1    | Acquired 667 gold pieces
 38706 | Elf:1    | Received a gift from Okawaru
 38722 | Elf:1    | Found an ornate altar of the Wu Jian Council.
 38722 | Elf:1    | Found a transporter.
 38793 | Elf:1    | Found a transporter.
 38891 | Elf:1    | Reached XP level 20. HP: 189/200 MP: 26/26
 38958 | Elf:1    | Found Ymiorch's Assorted Antiques.
 38967 | Elf:1    | Bought a scroll of enchant weapon for 337 gold pieces
 39025 | Elf:1    | Paralysed by an air elemental for 1 turns
 39163 | Elf:1    | Found a transporter.
 39164 | Elf:1    | Found an ornate altar of the Wu Jian Council.
 39181 | Elf:1    | Found a transporter.
 39378 | Elf:2    | Identified the "Tiexej"
 39378 | Elf:2    | Identified the of Suong
 39378 | Elf:2    | Identified the "Vaipt"
 39378 | Elf:2    | Identified the of Zuneq
 39378 | Elf:2    | Identified the "Tuisis"
 39378 | Elf:2    | Identified the "Amewkit"
 39421 | Elf:2    | Found Gosh's CLEARANCE SALE!.
 39426 | Elf:2    | Reached skill level 15 in Dodging
 39447 | Elf:2    | Reached skill level 21 in Armour
 39695 | Elf:2    | You pick up a book of the Spheres and begin reading...
 39695 | Elf:2    | You add the spells Fireball, Conjure Ball Lightning and Orb
                  | of Destruction to your library.
 39976 | Elf:2    | Found a huge runed translucent gate.
 39976 | Elf:2    | Found a huge runed translucent gate.
 39976 | Elf:2    | Found a huge runed translucent gate.
 39977 | Elf:2    | Found a huge runed translucent gate.
 39979 | Elf:2    | Found a huge runed translucent gate.
 40063 | Elf:2    | Received a gift from Okawaru
 40519 | Elf:3    | Identified the "Jydisyu"
 40519 | Elf:3    | Identified the "Zait"
 40519 | Elf:3    | Identified the "Uhaotose"
 40519 | Elf:3    | Identified the "Riunolim"
 40519 | Elf:3    | Entered Level 3 of the Elven Halls
 40537 | Elf:3    | Reached skill level 16 in Dodging
 40886 | Elf:3    | Found a radiant altar of Vehumet.
 41017 | Elf:3    | Reached skill level 22 in Armour
 41033 | Elf:3    | Received a gift from Okawaru
 41108 | Elf:3    | Reached skill level 1 in Shapeshifting
 41221 | Elf:3    | Reached skill level 2 in Shapeshifting
 41229 | Elf:3    | Reached skill level 3 in Shapeshifting
 41233 | Elf:3    | Reached skill level 4 in Shapeshifting
 41240 | Elf:3    | Received a gift from Okawaru
 41525 | Elf:3    | Paralysed by an air elemental for 1 turns
 41528 | Elf:3    | Reached skill level 5 in Shapeshifting
 41676 | Elf:3    | Identified the +5 war axe of Qaibioc {holy, Int+5}
 41676 | Elf:3    | Identified the +9 short sword "Puoli" {pain, rElec Will+}
 41728 | Elf:3    | Identified the +7 falchion "Tocimiph" {heavy, rC- MP+9
                  | Stlth+}
 41827 | Elf:3    | Identified the +5 demon trident "Dukanewkugi" {flame,
                  | Str+3}
 41827 | Elf:3    | Identified the +6 scale mail "Yskatasch" {rPois rF+++ rC-
                  | Str-3}
 41852 | Elf:3    | You pick up a book of Debilitation and begin reading...
 41853 | Elf:3    | Identified the +2 ring mail "Laladel" {rElec rPois rF-
                  | Int+4}
 41858 | Elf:3    | Identified the staff of Destiny {rElec rF+ Air}
 41871 | Elf:3    | You add the spells Anguish and Dispel Undead to your
                  | library.
 41873 | Elf:3    | You pick up a book of the Spheres and begin reading...
 41889 | Elf:3    | Identified the staff of an ice cave {rElec rF+ Will+ MP-9
                  | Dex+3 Air}
 41897 | Elf:3    | Identified the +6 great sword of the Head {heavy, rPois rC+
                  | Int+2 Stlth+}
 41897 | Elf:3    | Identified the ring of Ophialiano {rPois SInv}
 41929 | Elf:3    | You pick up a book of the Moon and begin reading...
 41929 | Elf:3    | You add the spells Passage of Golubria, Silence and
                  | Lehudib's Crystal Spear to your library.
 41949 | Elf:3    | You add the spells Ozocubu's Armour and Ozocubu's
                  | Refrigeration to your library.
 42451 | D:5      | Fell from the grace of Okawaru
 42451 | D:5      | Became a worshipper of Makhleb the Destroyer
 42705 | Vaults:2 | Reached skill level 6 in Shapeshifting
 42795 | Vaults:2 | Found Woofori's Weapon Boutique.
 42865 | Vaults:2 | Reached * piety under Makhleb
 43299 | Vaults:2 | Reached skill level 7 in Shapeshifting
 43322 | Vaults:2 | Reached XP level 21. HP: 202/207 MP: 27/27
 43598 | Vaults:2 | Paralysed by a formless jellyfish for 1 turns
 43601 | Vaults:2 | Reached skill level 8 in Shapeshifting
 43766 | Vaults:2 | Reached ** piety under Makhleb
 43953 | Vaults:2 | Found a staircase to the Crypt.
 44229 | Vaults:2 | Reached skill level 9 in Shapeshifting
 44686 | Vaults:3 | Identified 2 potions of experience
 44687 | Vaults:3 | Reached skill level 10 in Shapeshifting
 44687 | Vaults:3 | Reached XP level 22. HP: 215/215 MP: 28/28
 44688 | Vaults:3 | Reached skill level 11 in Shapeshifting
 44688 | Vaults:3 | Reached XP level 23. HP: 223/223 MP: 29/29
 44878 | Vaults:3 | Reached *** piety under Makhleb
 45158 | Vaults:3 | You pick up a book of Power and begin reading...
 45371 | Vaults:3 | Reached skill level 12 in Shapeshifting
 45512 | Vaults:3 | Reached **** piety under Makhleb
 45545 | Vaults:3 | Paralysed by a formless jellyfish for 1 turns
 45647 | Vaults:3 | Acquired 1162 gold pieces
 45951 | Vaults:4 | Reached skill level 13 in Shapeshifting
 46040 | Vaults:4 | Reached ***** piety under Makhleb
 46089 | Vaults:4 | Reached XP level 24. HP: 231/231 MP: 29/29
 46139 | Vaults:4 | Reached skill level 14 in Shapeshifting
 46927 | Vaults:4 | Found Sonog's Distillery.
 46934 | Vaults:4 | Bought a potion of mutation for 112 gold pieces
 47627 | Vaults:2 | Reached skill level 15 in Shapeshifting
 47772 | Depths:1 | Entered Level 1 of the Depths
 47776 | Depths:1 | Was forgiven by Okawaru
 48014 | Depths:1 | Reached ****** piety under Makhleb
 48387 | Depths:1 | Found a gateway to Hell.
 48839 | Depths:2 | Found a one-way gateway to a ziggurat.
 48850 | Depths:2 | Reached skill level 16 in Shapeshifting
 49551 | Depths:2 | Found a one-way gate leading to the halls of Pandemonium.
 50402 | Depths:3 | Found a radiant altar of Vehumet.
 50429 | Depths:3 | Reached skill level 17 in Shapeshifting
 50762 | Depths:3 | Reached XP level 25. HP: 190/238 MP: 22/29
 51191 | Depths:4 | Entered Level 4 of the Depths
 51304 | Depths:4 | Noticed Vv
 51328 | Depths:4 | Killed Vv
 51344 | Depths:4 | Reached skill level 18 in Shapeshifting
 51458 | Depths:4 | Found a gate to the Realm of Zot.
 51508 | Depths:4 | Identified the +0 leather armour "Xounarag" {rElec Str+3
                  | Int+5}
 51652 | Depths:4 | Identified +0 gold dragon scales
 51657 | Depths:4 | +0 gold dragon scales {rare}; a golden dragon corpse
 51702 | Depths:4 | Identified +8 gold dragon scales
 51702 | Depths:4 | Noticed Parghit
 51734 | Depths:4 | Killed Parghit
 51881 | Depths:4 | Found a hide-covered altar of Uskayaw.
 52737 | Crypt:1  | Entered Level 1 of the Crypt
 52756 | Crypt:1  | Identified the +1 scale mail of Distant Shores {Rampage rN+
                  | MP+9}
 53104 | Crypt:1  | Found a basalt altar of Yredelemnul.
 53145 | Crypt:1  | Found a transporter.
 53151 | Crypt:1  | Noticed a royal mummy
 53158 | Crypt:1  | Noticed Dosonout's ghost (veteran FoFi)
 53164 | Crypt:1  | Noticed Dosonout's ghost (veteran FoFi)
 53190 | Crypt:1  | Reached skill level 19 in Shapeshifting
 53203 | Crypt:1  | Noticed a curse skull
 53216 | Crypt:1  | Found a transporter.
 53280 | Crypt:1  | Found a transporter.
 53280 | Crypt:1  | Found the +9 sword of Zonguldrok {reap}
 53284 | Crypt:1  | Noticed a curse skull
 53302 | Crypt:1  | Found a transporter.
 53570 | Crypt:2  | Found a runed door.
 53635 | Crypt:2  | Noticed a curse skull
 53641 | Crypt:2  | Killed a curse skull
 53716 | Crypt:2  | Noticed a dread lich
 53719 | Crypt:2  | Noticed a dread lich
 53727 | Crypt:2  | Paralysed by a dread lich for 4 turns
 53739 | Crypt:2  | Killed a dread lich
 53741 | Crypt:2  | Killed a dread lich
 53773 | Crypt:2  | Acquired 635 gold pieces
 53776 | Crypt:2  | You add the spells Shock and Arcjolt to your library.
 53777 | Crypt:2  | Identified the +2 leather armour of Lugonu's Supremacy
                  | {rElec rN+ MP+9 SInv}
 53797 | Crypt:2  | You pick up a book of the Wilderness and begin reading...
 53798 | Crypt:2  | Identified the ring "Mimniror" {rN+ SInv}
 53935 | Crypt:2  | Noticed Sojobo
 53960 | Crypt:2  | Killed Sojobo
 54253 | Crypt:2  | Identified the ring of Luag {Ice Dex+3}
 54253 | Crypt:2  | Noticed Josephina
 54267 | Crypt:2  | Reached skill level 20 in Shapeshifting
 54271 | Crypt:2  | Killed Josephina
 54332 | Crypt:2  | Noticed a curse skull
 54334 | Crypt:2  | Found the +3 giant club "Skullcrusher" {speed, Str+7}
 54490 | Crypt:2  | Killed a curse skull
 54865 | Crypt:3  | Entered Level 3 of the Crypt
 54891 | Crypt:3  | Reached XP level 26. HP: 242/244 MP: 29/29
 54967 | Crypt:3  | Noticed a curse skull
 54991 | Crypt:3  | Killed a curse skull
 55376 | Crypt:3  | Found a basalt altar of Yredelemnul.
 55524 | Crypt:3  | Reached skill level 21 in Shapeshifting
 55640 | Crypt:3  | Noticed a curse skull
 55662 | Crypt:3  | Killed a curse skull
 55688 | Crypt:3  | Identified the ring "Egodoicw" {+Blink Fly rN+ rCorr}
 55688 | Crypt:3  | Identified the ring of Reatey {rC+ rN+ Int+7}
 55709 | Crypt:3  | Identified the +2 robe "Bijyh" {Stlth+}
 55836 | Crypt:3  | Identified the +4 leather armour of Ymiah {Dex+2}
 55892 | Crypt:3  | Noticed an ancient lich
 55902 | Crypt:3  | Killed an ancient lich
 55912 | Crypt:3  | Found a staircase to the Tomb.
 56447 | Vaults:5 | Entered Level 5 of the Vaults
 56449 | Vaults:5 | Noticed an ancient lich
 56509 | Vaults:4 | Killed an ancient lich
 56526 | Vaults:4 | Reached skill level 22 in Shapeshifting
 56688 | Vaults:4 | Identified +0 gold dragon scales
 56690 | Vaults:4 | +0 gold dragon scales {rare}; a golden dragon corpse
 56710 | Vaults:4 | +0 gold dragon scales {rare}; a golden dragon corpse
 56712 | Vaults:4 | +0 gold dragon scales {rare}; a golden dragon corpse
 56717 | Vaults:5 | Noticed an ancient lich
 56728 | Vaults:4 | quicksilver dragon scales {rare}; a quicksilver dragon
                  | corpse
 56786 | Vaults:4 | +0 gold dragon scales {rare}; a golden dragon corpse
 56855 | Vaults:4 | Killed an ancient lich
 56888 | Vaults:4 | +0 gold dragon scales {rare}; a golden dragon corpse
 57017 | Vaults:4 | Reached skill level 23 in Shapeshifting
 57149 | Vaults:5 | Reached skill level 3 in Throwing
 57167 | Vaults:5 | Reached XP level 27. HP: 254/254 MP: 29/29
 57176 | Vaults:5 | Reached skill level 4 in Throwing
 57184 | Vaults:5 | Reached skill level 5 in Throwing
 57191 | Vaults:5 | +0 shadow dragon scales {rare}; a shadow dragon corpse
 57275 | Vaults:5 | Acquired 1156 gold pieces
 57279 | Vaults:5 | Identified the +5 rapier of Garez {flame, Dex+2}
 57307 | Vaults:5 | Identified the +0 robe of Unreason {Fly}
 57356 | Vaults:5 | Identified the +12 battleaxe of Goer {freeze, rElec rCorr
                  | Dex-3}
 57364 | Vaults:5 | Reached skill level 6 in Throwing
 57387 | Vaults:5 | Identified the +3 ring mail of the Valley {MP+9}
 57416 | Vaults:5 | Found the +6 shillelagh "Devastator" {shatter}
 57420 | Vaults:5 | You pick up a book of Touch and begin reading...
 57503 | Vaults:5 | Reached skill level 7 in Throwing
 57516 | Vaults:5 | Identified the +5 rapier of Success {elec, rC- rN+ rCorr
                  | Dex+4}
 57607 | Vaults:5 | You pick up a book of Beasts and begin reading...
 57609 | Vaults:5 | Got a silver rune of Zot
 57625 | Vaults:5 | Identified the ring of Tulips {AC+4 Int+7 SInv}
 57656 | Vaults:5 | Identified the +3 scimitar of Defiance {venom, Str+4 SInv}
 57656 | Vaults:5 | Identified the ring of Kioxutsiqay {Ice Dex+3}
 57673 | Vaults:5 | Reached skill level 8 in Throwing
 57781 | Vaults:5 | +0 shadow dragon scales {rare}; a shadow dragon corpse
 57790 | Vaults:5 | +0 shadow dragon scales {rare}; a shadow dragon corpse
 57802 | Vaults:5 | You pick up a book of Callings and begin reading...
 57802 | Vaults:5 | You add the spells Summon Small Mammal, Call Canine
                  | Familiar and Summon Guardian Golem to your library.
 57815 | Vaults:5 | +0 shadow dragon scales {rare}; a shadow dragon corpse
 58074 | Vaults:5 | You pick up a book of Blood and begin reading...
 58153 | Vaults:5 | Reached skill level 9 in Throwing
 59037 | Snake:2  | Bought the talisman of death of Neitz {Int+4 Dex+2 SInv}
                  | for 2611 gold pieces
 59295 | D:14     | You paid a toll of 9 potions of haste to enter a treasure
                  | trove
 59296 | Trove    | Entered a treasure trove
 59301 | Trove    | Identified the +10 broad axe of Iriojua {antimagic, +Blink
                  | rC++ Str+4 Int+3}
 59303 | Trove    | Identified the +1 dagger of the Threshing Gods {speed, rF+
                  | Will- Dex+6}
 59306 | Trove    | Identified the +3 trident "Okhlawuh" {freeze, SInv}
 59310 | Trove    | Identified the +1 arbalest "Gamn" {elec, +Blink Dex+3}
 59724 | Zot:1    | Entered Level 1 of the Realm of Zot
 59828 | Zot:1    | Noticed an electric golem
 59843 | Zot:1    | Killed an electric golem
 59844 | Zot:1    | Reached skill level 10 in Throwing
 60124 | Zot:1    | Identified the staff of Pride {Str+4 Conj}
 60153 | Zot:1    | You pick up a book of Hexes and begin reading...
 60153 | Zot:1    | You add the spells Cause Fear and Enfeeble to your library.
 60454 | Zot:1    | Reached skill level 11 in Throwing
 60547 | Zot:2    | Identified the of Casy
 60698 | Zot:2    | Reached skill level 12 in Throwing
 61121 | Zot:2    | Reached skill level 13 in Throwing
 61350 | Zot:2    | quicksilver dragon scales {rare}; a quicksilver dragon
                  | corpse
 61441 | Zot:2    | Reached skill level 14 in Throwing
 61586 | Zot:2    | Reached skill level 22 in Axes
 61715 | Zot:2    | Identified the +1 robe "Washriz" {Fly rF+ rC- Int+6}
 61718 | Zot:2    | Identified the +2 robe of Nyveehes {Will+}
 61721 | Zot:2    | Identified the +7 chain mail of the Vacuum {rF+ SInv}
 61908 | Zot:2    | You add the spells Inner Flame, Fulminant Prism and Yara's
                  | Violent Unravelling to your library.
 61912 | Zot:2    | You pick up a book of Storms and begin reading...
 61916 | Zot:2    | Identified the +9 flail "Vareiv" {spect, Stlth+}
 61933 | Zot:2    | +0 shadow dragon scales {rare}; a shadow dragon corpse
 62371 | Zot:3    | Identified the +2 rapier of Ywiypil {venom, Will++ Int+3}
 62535 | Zot:3    | Found the +4 dragonskin cloak
 62535 | Zot:3    | Noticed Tiamat
 62535 | Zot:3    | Tiamat is wielding a +2 glaive of flaming and wearing the
                  | +4 dragonskin cloak. The black draconian knight is wielding
                  | a +2 heavy war axe.
 62615 | Zot:3    | Killed Tiamat
 63483 | Zot:4    | You pick up a book of Lightning and begin reading...
 63483 | Zot:4    | You add the spells Vhi's Electric Charge and Plasma Beam to
                  | your library.
 63578 | Zot:4    | Identified +0 gold dragon scales
 64079 | Zot:4    | You pick up a book of Unlife and begin reading...
 64122 | Zot:4    | Reached skill level 21 in Shields
 64122 | Zot:4    | Acquired a manual of Evocations
 64502 | Zot:4    | Reached skill level 23 in Fighting
 64632 | Zot:5    | Entered Level 5 of the Realm of Zot
 64639 | Zot:5    | Reached skill level 23 in Armour
 64648 | Zot:5    | Reached skill level 23 in Axes
 65164 | Zot:5    | Noticed a dread lich
 65176 | Zot:5    | Noticed an ancient lich
 65178 | Zot:5    | Noticed a dread lich
 65181 | Zot:5    | Noticed an ancient lich
 65182 | Zot:5    | Killed a dread lich
 65183 | Zot:5    | Noticed an orb of fire
 65184 | Zot:5    | Noticed an orb of fire
 65357 | Zot:5    | Noticed an electric golem
 65366 | Zot:5    | Killed a dread lich
 65379 | Zot:5    | Killed an orb of fire
 65380 | Zot:5    | Killed an orb of fire
 65383 | Zot:5    | Noticed a dread lich
 65394 | Zot:5    | Killed an ancient lich
 65403 | Zot:5    | Killed an ancient lich
 65430 | Zot:5    | Killed a dread lich
 65436 | Zot:5    | Killed an electric golem
 65483 | Zot:5    | You pick up a book of Minor Magic and begin reading...
 65510 | Zot:5    | You pick up a book of Winter and begin reading...
 65609 | Zot:5    | Reached skill level 22 in Shields
 65637 | Zot:5    | Noticed an ancient lich
 65654 | Zot:5    | Noticed an electric golem
 65656 | Zot:5    | Killed an ancient lich
 65696 | Zot:5    | Noticed an orb of fire
 65708 | Zot:5    | Killed an electric golem
 65709 | Zot:5    | Reached skill level 24 in Fighting
 65713 | Zot:5    | Killed an orb of fire
 65714 | Zot:5    | Reached skill level 24 in Axes
 65714 | Zot:5    | Reached skill level 24 in Armour
 65916 | Zot:5    | Noticed a dread lich
 65925 | Zot:5    | Killed a dread lich
 66194 | Depths:3 | Voluntarily entered the Abyss.
 66211 | Abyss:1  | Found a corrupted altar of Lugonu.
 66272 | Abyss:3  | Got an abyssal rune of Zot
 66441 | Depths:3 | You pass through the gate.
 66441 | Depths:3 | Escaped the Abyss
 66762 | Slime:1  | Entered Level 1 of the Pits of Slime
 66762 | Slime:1  | Found a viscous altar of Jiyva.
 66896 | Slime:5  | Identified the "Miebauc"
 66896 | Slime:5  | Entered Level 5 of the Pits of Slime
 67134 | Slime:5  | Noticed the Royal Jelly
 67135 | Slime:5  | Found a viscous altar of Jiyva.
 67194 | Slime:5  | Killed the Royal Jelly
 67204 | Slime:5  | Found the ring of Shadows {Umbra +Inv Stlth+}
 67215 | Slime:5  | Got a slimy rune of Zot
 67240 | Slime:5  | Identified the ring "Soatur" {Wiz rC+ rCorr Int+9 Stlth-}
 67246 | Slime:5  | Identified the orb "Kanukhla" {*channel, rF+ rC+}
 67268 | Slime:5  | Identified the +8 long sword of Proximity {holy, rPois rC-
                  | Str+4}
 67271 | Slime:5  | Identified the scarf "Gourauk" {harm, Int-4 Dex+3 SInv}
 67304 | Slime:5  | Identified the +5 sling of the Extremes {heavy, rElec rC+
                  | SInv}
 67308 | Slime:5  | Identified the staff of a ziggurat {+Blink rN+ Earth}
 67334 | Slime:5  | You pick up a book of Iron and begin reading...
 67334 | Slime:5  | You add the spells Animate Armour and Lee's Rapid
                  | Deconstruction to your library.
 67400 | Slime:5  | Gained mutation: You are partially covered in large bone
                  | plates. (SH +4) [potion of mutation]
 67401 | Slime:5  | Lost mutation: You are partially covered in large bone
                  | plates. (SH +4) [potion of mutation]
 67401 | Slime:5  | Gained mutation: You are partially covered in iridescent
                  | scales. (AC +2) [potion of mutation]
 67402 | Slime:5  | Lost mutation: You are partially covered in iridescent
                  | scales. (AC +2) [potion of mutation]
 67402 | Slime:5  | Gained mutation: You are clumsy. (Dex -2) [potion of
                  | mutation]
 67403 | Slime:5  | Lost mutation: You are clumsy. (Dex -2) [potion of
                  | mutation]
 67403 | Slime:5  | Gained mutation: Armour fits poorly on your strangely
                  | shaped body. [potion of mutation]
 67403 | Slime:5  | Gained mutation: Your flesh is heat resistant. (rF+)
                  | [potion of mutation]
 67404 | Slime:5  | Lost mutation: Armour fits poorly on your strangely shaped
                  | body. [potion of mutation]
 67404 | Slime:5  | Lost mutation: Your flesh is heat resistant. (rF+) [potion
                  | of mutation]
 67404 | Slime:5  | Gained mutation: You are dopey. (Int -2) [potion of
                  | mutation]
 67404 | Slime:5  | Gained mutation: You expend magic power (3 MP) to
                  | strengthen your wands. [potion of mutation]
 67405 | Slime:5  | Lost mutation: You are dopey. (Int -2) [potion of mutation]
 67405 | Slime:5  | Lost mutation: You expend magic power (3 MP) to strengthen
                  | your wands. [potion of mutation]
 67405 | Slime:5  | Gained mutation: You are covered in fur. (AC +1) [potion of
                  | mutation]
 67405 | Slime:5  | Gained mutation: You have supernaturally acute eyesight.
                  | (SInv) [potion of mutation]
 67406 | Slime:5  | Lost mutation: You are covered in fur. (AC +1) [potion of
                  | mutation]
 67406 | Slime:5  | Lost mutation: You have supernaturally acute eyesight.
                  | (SInv) [potion of mutation]
 67406 | Slime:5  | Gained mutation: You are robust. (+10% HP) [potion of
                  | mutation]
 67406 | Slime:5  | Lost mutation: You are robust. (+10% HP) [potion of
                  | mutation]
 67406 | Slime:5  | Gained mutation: You occasionally lose the ability to drink
                  | potions when taking damage. [potion of mutation]
 67407 | Slime:5  | Lost mutation: You occasionally lose the ability to drink
                  | potions when taking damage. [potion of mutation]
 67407 | Slime:5  | Gained mutation: You are weak. (Str -2) [potion of
                  | mutation]
 67407 | Slime:5  | Gained mutation: Your mind is acute. (Int +4, Str/Dex -1)
                  | [potion of mutation]
 67408 | Slime:5  | Lost mutation: Your mind is acute. (Int +4, Str/Dex -1)
                  | [potion of mutation]
 67408 | Slime:5  | Lost mutation: You are weak. (Str -2) [potion of mutation]
 67408 | Slime:5  | Gained mutation: Your muscles are strong. (Str +4, Int/Dex
                  | -1) [potion of mutation]
 67408 | Slime:5  | Gained mutation: You have sharp toenails. [potion of
                  | mutation]
 67408 | Slime:5  | Gained mutation: You have hidden genetic defects. [potion
                  | of mutation]
 67409 | Slime:5  | Lost mutation: You have sharp toenails. [potion of
                  | mutation]
 67409 | Slime:5  | Lost mutation: You have hidden genetic defects. [potion of
                  | mutation]
 67409 | Slime:5  | Lost mutation: Your muscles are strong. (Str +4, Int/Dex
                  | -1) [potion of mutation]
 67409 | Slime:5  | Gained mutation: You are partially covered in iridescent
                  | scales. (AC +2) [potion of mutation]
 67441 | Slime:5  | Reached skill level 23 in Shields
 67765 | Depths:2 | magus.rc [v1.9.6]
 67767 | Tomb:3   | Identified the of Usyziu Tuoc
 67767 | Tomb:3   | Identified the of Penetione
 67767 | Tomb:3   | Identified the of Cofa
 67767 | Tar:7    | Identified the "Ytoj"
 67767 | Coc:7    | Identified the "Tuonoji"
 67767 | Coc:7    | Identified the of Wicwonas
 67767 | Pan      | Entered Pandemonium
 67875 | Pan      | Identified the "Rossihi"
 67875 | Pan      | Noticed Mennas
 67876 | Pan      | Found a transporter.
 67885 | Pan      | Killed Mennas
 68046 | Pan      | Noticed Ignacio
 68061 | Pan      | Killed Ignacio
 68383 | Pan      | Reached skill level 25 in Fighting
 68395 | Pan      | Reached skill level 25 in Armour
 68402 | Pan      | Reached skill level 25 in Axes
 68402 | Pan      | Identified the amulet "Rilips" {Acrobat Stlth+}
 68643 | Pan      | Identified the "Heselu"
 68643 | Pan      | Identified the "Yziytix"
 68905 | Pan      | Entered the realm of Cerebov.
 69541 | Pan      | Found the +6 sword of Cerebov {flame}
 69541 | Pan      | Cerebov, Demon Lord of Fire and Steel comes into view. They
                  | are wielding the +6 sword of Cerebov {flame}.
 69541 | Pan      | Noticed Cerebov
 69570 | Pan      | Killed Cerebov
 69639 | Pan      | Got a fiery rune of Zot
 69679 | Pan      | You add the spells Blink and Manifold Assault to your
                  | library.
 69795 | Pan      | You pick up a book of Conjurations {@e2} and begin
                  | reading...
 69829 | Pan      | Identified the +2 rapier "Muicsuol" {drain, Will+ Int+3
                  | Dex+2}
 69833 | Pan      | Identified the +12 shortbow of the Muttering Ancients
                  | {elec, rC+}
 69999 | Pan      | Found a runed translucent door.
 70014 | Pan      | Found a runed translucent door.
 70020 | Pan      | Found a runed translucent door.
 70028 | Pan      | Noticed Jaineq the pandemonium lord
 70070 | Pan      | Killed Jaineq the pandemonium lord
 70071 | Pan      | Found a runed translucent door.
 70148 | Pan      | Reached skill level 24 in Shields
 71331 | Pan      | You pick up a book of Blasting and begin reading...
 71331 | Pan      | You add the spells Volatile Blastmotes and Iskenderun's
                  | Mystic Blast to your library.
 71634 | Pan      | Noticed Qozxyik the pandemonium lord
 71643 | Pan      | Reached skill level 26 in Fighting
 71643 | Pan      | Reached skill level 26 in Armour
 71670 | Pan      | Reached skill level 26 in Axes
 71687 | Pan      | Killed Qozxyik the pandemonium lord
 71708 | Pan      | Got a demonic rune of Zot
 71714 | Pan      | Identified the amulet "Yqeroh" {Spirit rPois rC- rN+++
                  | Dex-4 Slay+3}
 71761 | Pan      | Entered the realm of Mnoleg.
 72123 | Pan      | Noticed Mnoleg
 72152 | Pan      | Killed Mnoleg
 72194 | Pan      | Got a glowing rune of Zot
 72865 | Pan      | Noticed Cuenn the pandemonium lord
 72895 | Pan      | Killed Cuenn the pandemonium lord
 72896 | Pan      | Reached skill level 25 in Shields
 72925 | Pan      | Entered the realm of Gloorx Vloq.
 72925 | Pan      | Noticed a curse skull
 72929 | Pan      | Killed a curse skull
 72929 | Pan      | Noticed a curse skull
 72946 | Pan      | Killed a curse skull
 73040 | Pan      | Acquired the amulet of the Burning Gods {Reflect Fragile
                  | Dex+3 SH+5}
 73158 | Pan      | Noticed Gloorx Vloq
 73192 | Pan      | Killed Gloorx Vloq
 73213 | Pan      | Got a dark rune of Zot
 73459 | Pan      | Entered the realm of Lom Lobon.
 73662 | Pan      | Identified the storm talisman of Yredelemnul's Pride {*Slow
                  | rF- rCorr Slay+5}
 73796 | Pan      | You pick up a book of Misfortune and begin reading...
 73947 | Pan      | Reached skill level 27 in Fighting
 73967 | Pan      | Reached skill level 27 in Armour
 73976 | Pan      | Reached skill level 27 in Axes
 74148 | Pan      | Noticed Lom Lobon
 74183 | Pan      | Killed Lom Lobon
 74296 | Pan      | Got a magical rune of Zot
 74558 | Pan      | Found an exit through the horrors of the Abyss.
 74569 | Pan      | Took an exit into the Abyss.
 74569 | Abyss:3  | You pass through the gate.
 74569 | Abyss:3  | Escaped into the Abyss
 74653 | Depths:2 | You pass through the gate.
 74653 | Depths:2 | Escaped the Abyss
 74731 | Hell     | Entered the Vestibule of Hell
 74733 | Hell     | Noticed Geryon
 74756 | Depths:2 | Reached skill level 11 in Evocations
 74906 | Hell     | Reached skill level 26 in Shields
 74928 | Hell     | Reached skill level 11 in Invocations
 74964 | Hell     | Reached skill level 12 in Evocations
 74999 | Hell     | Killed Geryon
 75222 | D:10     | Bought a phial of floods for 640 gold pieces
 75222 | D:10     | Bought a tin of tremorstones (2/2) for 640 gold pieces
 75222 | D:10     | Bought a box of beasts for 640 gold pieces
 75222 | D:10     | Bought a phantom mirror for 640 gold pieces
 75235 | D:10     | Learned a level 4 spell: Manifold Assault
 75391 | Hell     | Found a gateway to the freezing wastes of Cocytus.
 75523 | Hell     | Found a gateway to the Iron City of Dis.
 75642 | Coc:1    | Entered Level 1 of Cocytus
 75680 | Coc:1    | Paralysed by a wendigo for 1 turns
 75791 | Coc:3    | Reached skill level 13 in Evocations
 75850 | Coc:4    | Reached skill level 12 in Invocations
 75993 | Coc:5    | Reached skill level 14 in Evocations
 76002 | Coc:5    | Reached skill level 27 in Shields
 76034 | Coc:5    | Reached skill level 13 in Invocations
 76037 | Coc:5    | You are sucked into a shaft and drop 1 floor!
 76071 | Coc:6    | Paralysed by a wendigo for 1 turns
 76092 | Coc:6    | Paralysed by a wendigo for 1 turns
 76098 | Coc:6    | Paralysed by a wendigo for 1 turns
 76119 | Coc:6    | Reached skill level 14 in Invocations
 76153 | Coc:6    | Reached skill level 1 in Spellcasting
 76153 | Coc:6    | Reached skill level 1 in Translocations
 76179 | Coc:7    | Entered Level 7 of Cocytus
 76226 | Coc:7    | Reached skill level 2 in Translocations
 76273 | Coc:7    | Reached skill level 2 in Spellcasting
 76348 | Coc:7    | Reached skill level 3 in Translocations
 76368 | Coc:7    | Reached skill level 3 in Spellcasting
 76406 | Coc:7    | Paralysed by a wendigo for 1 turns
 76418 | Coc:7    | Reached skill level 4 in Translocations
 76420 | Coc:7    | Paralysed by a wendigo for 1 turns
 76431 | Coc:7    | Paralysed by a wendigo for 1 turns
 76483 | Coc:7    | Reached skill level 4 in Spellcasting
 76520 | Coc:7    | Reached skill level 5 in Translocations
 76534 | Coc:7    | Paralysed by a wendigo for 1 turns
 76539 | Coc:7    | Noticed Antaeus
 76576 | Coc:7    | Killed Antaeus
 76577 | Coc:7    | Reached skill level 6 in Translocations
 76644 | Coc:7    | Reached skill level 7 in Translocations
 76703 | Coc:7    | Reached skill level 8 in Translocations
 76719 | Coc:7    | You add the spells Leda's Liquefaction and Starburst to
                  | your library.
 76733 | Coc:7    | Got an icy rune of Zot
 76830 | Coc:7    | Paralysed by a wendigo for 1 turns
 76868 | Coc:7    | Found the +5 demon whip "Spellbinder" {antimagic, disrupt,
                  | Will+}
 76881 | Coc:7    | Identified the amulet of Cowardice {Reflect Drain Fragile
                  | rN+++ Str+9 SH+5}
 76883 | Coc:7    | Identified the staff of Temperance {rPois rC+ MP-9 Int+2
                  | Dex+5 Ice}
 76901 | Coc:7    | You pick up a book of Decay and begin reading...
 76928 | Coc:7    | Reached skill level 9 in Translocations
 77286 | Hell     | Found a gateway to the decaying netherworld of Tartarus.
 77381 | Dis:1    | Entered Level 1 of the Iron City of Dis
 77481 | Dis:1    | Reached skill level 10 in Translocations
 77737 | Dis:4    | Noticed a caustic shrike
 77737 | Dis:4    | Noticed a caustic shrike
 77737 | Dis:4    | Noticed a caustic shrike
 77737 | Dis:4    | Noticed a caustic shrike
 77742 | Dis:4    | Killed a caustic shrike
 77747 | Dis:4    | Killed a caustic shrike
 77752 | Dis:4    | Killed a caustic shrike
 77753 | Dis:4    | Reached skill level 11 in Translocations
 77758 | Dis:4    | Killed a caustic shrike
 77843 | Dis:5    | Noticed a caustic shrike
 77843 | Dis:5    | Noticed a caustic shrike
 77843 | Dis:5    | Noticed a caustic shrike
 77843 | Dis:5    | Noticed a caustic shrike
 77843 | Dis:5    | Noticed a caustic shrike
 77850 | Dis:5    | Killed a caustic shrike
 77854 | Dis:5    | Killed a caustic shrike
 77856 | Dis:5    | Killed a caustic shrike
 77860 | Dis:5    | Killed a caustic shrike
 77868 | Dis:5    | Killed a caustic shrike
 77946 | Dis:5    | You are sucked into a shaft and drop 1 floor!
 77969 | Dis:6    | Noticed a caustic shrike
 77970 | Dis:6    | Noticed a caustic shrike
 77970 | Dis:6    | Noticed a caustic shrike
 77970 | Dis:6    | Noticed a caustic shrike
 77970 | Dis:6    | Noticed a caustic shrike
 77970 | Dis:6    | Noticed a caustic shrike
 77985 | Dis:6    | Killed a caustic shrike
 77990 | Dis:6    | Killed a caustic shrike
 77990 | Dis:6    | Noticed a caustic shrike
 77994 | Dis:6    | Reached skill level 12 in Translocations
 77998 | Dis:6    | Noticed a caustic shrike
 78005 | Dis:6    | Noticed a caustic shrike
 78008 | Dis:6    | Killed a caustic shrike
 78009 | Dis:6    | Killed a caustic shrike
 78012 | Dis:6    | Killed a caustic shrike
 78014 | Dis:6    | Killed a caustic shrike
 78022 | Dis:6    | Killed a caustic shrike
 78024 | Dis:6    | Killed a caustic shrike
 78032 | Dis:6    | Killed a caustic shrike
 78083 | Dis:6    | Reached skill level 15 in Throwing
 78154 | Dis:7    | Entered Level 7 of the Iron City of Dis
 78154 | Dis:7    | Noticed a caustic shrike
 78165 | Dis:7    | Killed a caustic shrike
 78166 | Dis:7    | Reached skill level 15 in Evocations
 78312 | Dis:7    | Noticed a caustic shrike
 78318 | Dis:7    | Noticed a caustic shrike
 78320 | Dis:7    | Noticed a caustic shrike
 78324 | Dis:7    | Killed a caustic shrike
 78336 | Dis:7    | Killed a caustic shrike
 78336 | Dis:7    | Killed a caustic shrike
 78342 | Dis:7    | Reached skill level 16 in Throwing
 78636 | Dis:7    | Identified the +0 shortbow "Ripagoze" {elec, rF- Str+3}
 78645 | Dis:7    | You pick up a book of Iron and begin reading...
 78662 | Dis:7    | Reached skill level 17 in Throwing
 78720 | Dis:7    | Noticed a juggernaut
 78730 | Dis:7    | Reached skill level 16 in Evocations
 78738 | Dis:7    | Killed a juggernaut
 78751 | Dis:7    | Noticed a caustic shrike
 78758 | Dis:7    | Killed a caustic shrike
 78790 | Dis:7    | Reached skill level 18 in Throwing
 78905 | Dis:7    | Noticed a juggernaut
 78925 | Dis:7    | Killed a juggernaut
 79013 | Dis:7    | Noticed Dispater
 79018 | Dis:7    | Reached skill level 19 in Throwing
 79227 | Dis:7    | Killed Dispater
 79252 | Dis:7    | Identified the ring "Quwinuf" {rC+ rN+ rCorr Int-3 SInv}
 79257 | Dis:7    | Identified the +1 leather armour of the Apothecary {rF+}
 79264 | Dis:7    | You pick up a book of Power and begin reading...
 79266 | Dis:7    | Got an iron rune of Zot
 79375 | Dis:7    | Noticed a juggernaut
 79381 | Dis:7    | Killed a juggernaut
 79813 | Dis:7    | You pick up a book of Vapours and begin reading...
 79912 | Dis:7    | Noticed a caustic shrike
 79920 | Dis:7    | Killed a caustic shrike
 79933 | Dis:7    | Reached skill level 17 in Dodging
 79960 | Dis:7    | You pick up a book of Chaos and begin reading...
 79960 | Dis:7    | You add the spells Disjunction and Discord to your library.
 80010 | Dis:7    | Noticed a caustic shrike
 80010 | Dis:7    | Noticed a caustic shrike
 80011 | Dis:7    | Noticed a caustic shrike
 80017 | Dis:7    | Killed a caustic shrike
 80022 | Dis:7    | Killed a caustic shrike
 80025 | Dis:7    | Killed a caustic shrike
 80028 | Dis:7    | You pick up a book of the Hunter and begin reading...
 80599 | Hell     | Found a gateway to the ashen valley of Gehenna.
 80619 | Geh:1    | Entered Level 1 of Gehenna
 80664 | Geh:1    | Reached skill level 20 in Throwing
 80687 | Geh:1    | Reached skill level 18 in Dodging
 80765 | Geh:1    | Noticed a dread lich
 81105 | Geh:3    | Reached skill level 19 in Dodging
 81181 | Geh:4    | Noticed a dread lich
 81194 | Geh:4    | Killed a dread lich
 81292 | Geh:4    | You are sucked into a shaft and drop 2 floors!
 81299 | Geh:7    | Entered Level 7 of Gehenna
 81343 | Geh:7    | Reached skill level 20 in Dodging
 81422 | Geh:7    | Noticed the Serpent of Hell
 81450 | Geh:7    | Killed the Serpent of Hell
 81694 | Geh:7    | Noticed a dread lich
 81699 | Geh:7    | Killed a dread lich
 81700 | Geh:7    | Reached skill level 21 in Throwing
 82014 | Geh:7    | Reached skill level 22 in Throwing
 82690 | Geh:7    | Found the +13 sceptre of Asmodeus
 82690 | Geh:7    | Noticed Asmodeus
 82690 | Geh:7    | Asmodeus, Prince of Gehenna comes into view. He is wielding
                  | the +13 sceptre of Asmodeus.
 82717 | Geh:7    | Killed Asmodeus
 82722 | Geh:7    | Got an obsidian rune of Zot
 82724 | Geh:7    | You pick up a book of Hexes and begin reading...
 82903 | Tar:1    | Entered Level 1 of Tartarus
 82918 | Tar:1    | Reached skill level 23 in Throwing
 83372 | Tar:5    | You are sucked into a shaft and drop 1 floor!
 83384 | Tar:6    | Reached skill level 24 in Throwing
 83700 | Tar:6    | Reached skill level 25 in Throwing
 83782 | Tar:7    | Entered Level 7 of Tartarus
 84080 | Tar:7    | Reached skill level 26 in Throwing
 84424 | Tar:7    | Noticed Ereshkigal
 84447 | Tar:7    | Killed Ereshkigal
 84475 | Tar:7    | You pick up a book of Beasts and begin reading...
 84483 | Tar:7    | Got a bone rune of Zot
 84487 | Tar:7    | Identified the +7 great sword "Ceonoopp" {vamp, Str+3 Int+3
                  | SInv}
 84489 | Tar:7    | Identified the +1 cloak of Bueghedytto {Rampage}
 84570 | Tar:7    | Reached skill level 27 in Throwing
 84934 | Tomb:1   | Entered Level 1 of the Tomb of the Ancients
 84935 | Tomb:1   | Noticed a royal mummy
 84935 | Tomb:1   | Noticed a royal mummy
 85201 | Tomb:1   | Reached skill level 21 in Dodging
 85320 | Tomb:1   | You pick up a book of Debilitation and begin reading...
 85882 | Tomb:2   | Noticed a royal mummy
 85888 | Tomb:2   | Killed a royal mummy
 85893 | Tomb:2   | Noticed a royal mummy
 85903 | Tomb:2   | Killed a royal mummy
 85916 | Tomb:2   | Noticed a royal mummy
 85919 | Tomb:2   | Reached skill level 22 in Dodging
 85925 | Tomb:2   | Noticed a royal mummy
 85927 | Tomb:2   | Killed a royal mummy
 85945 | Tomb:2   | Killed a royal mummy
 86322 | Tomb:1   | Noticed a royal mummy
 86331 | Tomb:1   | Killed a royal mummy
 86367 | Tomb:1   | Noticed a royal mummy
 86368 | Tomb:1   | Noticed a royal mummy
 86368 | Tomb:1   | Noticed a royal mummy
 86375 | Tomb:1   | Noticed a royal mummy
 86376 | Tomb:1   | Killed a royal mummy
 86378 | Tomb:1   | Killed a royal mummy
 86379 | Tomb:1   | Reached skill level 23 in Dodging
 86383 | Tomb:1   | Killed a royal mummy
 86385 | Tomb:1   | Killed a royal mummy
 86386 | Tomb:1   | Noticed a royal mummy
 86386 | Tomb:1   | Noticed a royal mummy
 86393 | Tomb:1   | Noticed a royal mummy
 86394 | Tomb:1   | Killed a royal mummy
 86397 | Tomb:1   | Killed a royal mummy
 86401 | Tomb:1   | Killed a royal mummy
 86415 | Tomb:1   | Killed a royal mummy
 86461 | Tomb:1   | Noticed a royal mummy
 86465 | Tomb:1   | Killed a royal mummy
 86481 | Tomb:1   | Killed a royal mummy
 86484 | Tomb:1   | Noticed a royal mummy
 86497 | Tomb:1   | Killed a royal mummy
 86500 | Tomb:1   | Learned a level 1 spell: Apportation
 86516 | Tomb:1   | Noticed a royal mummy
 86516 | Tomb:1   | Noticed a royal mummy
 86521 | Tomb:1   | Killed a royal mummy
 86525 | Tomb:1   | Noticed a royal mummy
 86526 | Tomb:1   | Killed a royal mummy
 86527 | Tomb:1   | Reached skill level 24 in Dodging
 86531 | Tomb:1   | Killed a royal mummy
 86535 | Tomb:1   | Noticed a royal mummy
 86537 | Tomb:1   | Learned a level 4 spell: Passage of Golubria
 86540 | Tomb:1   | Killed a royal mummy
 86546 | Tomb:1   | Learned a level 4 spell: Vhi's Electric Charge
 86566 | Tomb:1   | Noticed a royal mummy
 86567 | Tomb:1   | Noticed a royal mummy
 86576 | Tomb:1   | Noticed a royal mummy
 86578 | Tomb:1   | Killed a royal mummy
 86579 | Tomb:1   | Reached skill level 1 in Air Magic
 86583 | Tomb:1   | Killed a royal mummy
 86596 | Tomb:1   | Killed a royal mummy
 86597 | Tomb:1   | Reached skill level 2 in Air Magic
 86645 | Tomb:1   | Noticed a royal mummy
 86656 | Tomb:1   | Killed a royal mummy
 86657 | Tomb:1   | Reached skill level 3 in Air Magic
 86808 | Tomb:3   | Entered Level 3 of the Tomb of the Ancients
 86829 | Tomb:3   | Reached skill level 4 in Air Magic
 86830 | Tomb:3   | Noticed a royal mummy
 86838 | Tomb:3   | Noticed a royal mummy
 86839 | Tomb:3   | Killed a royal mummy
 86847 | Tomb:3   | Killed a royal mummy
 86848 | Tomb:3   | Reached skill level 5 in Air Magic
 86849 | Tomb:3   | Noticed a royal mummy
 86851 | Tomb:3   | Noticed a royal mummy
 86852 | Tomb:3   | Killed a royal mummy
 86858 | Tomb:3   | Killed a royal mummy
 86860 | Tomb:3   | Reached skill level 6 in Air Magic
 86945 | Tomb:3   | Found the ring of the Octopus King
 86981 | Tomb:3   | Identified the maw talisman "Wuecau" {*Corrode Will+ Dex+2}
 86982 | Tomb:3   | Identified a ring of the Octopus King {HP+2 AC+2 EV+2 SH+2
                  | SInv}
 87114 | Tomb:3   | Noticed a royal mummy
 87114 | Tomb:3   | Noticed a royal mummy
 87120 | Tomb:3   | Killed a royal mummy
 87141 | Tomb:3   | Noticed a royal mummy
 87148 | Tomb:3   | Reached skill level 7 in Air Magic
 87164 | Tomb:3   | Killed a royal mummy
 87191 | Tomb:3   | Noticed a royal mummy
 87191 | Tomb:3   | Noticed a royal mummy
 87203 | Tomb:3   | Killed a royal mummy
 87207 | Tomb:3   | Killed a royal mummy
 87209 | Tomb:3   | Killed a royal mummy
 87288 | Tomb:3   | Got a golden rune of Zot
 88014 | Zot:5    | Got the Orb of Zot
 88058 | Zot:5    | Reached skill level 8 in Air Magic
 88798 | D:$      | Escaped with the Orb!

Vanquished Creatures
  Antaeus (Coc:7)
  Asmodeus (Geh:7)
  the Royal Jelly (Slime:5)
  Ignacio (Pan)
  Gloorx Vloq (Pan)
  Lom Lobon (Pan)
  Mnoleg (Pan)
  8 dread liches
  Tiamat (Zot:3)
  3 orbs of fire (Zot:5)
  6 ancient liches
  Mennas (Pan)
  3 juggernauts (Dis:7)
  Josephina (Crypt:2)
  Vv (Depths:4)
  33 royal mummies
  Sojobo (Crypt:2)
  14 shard shrikes
  4 Killer Klowns
  Parghit (Depths:4)
  Saint Roka (Orc:2)
  27 caustic shrikes
  12 golden dragons
  Geryon (Hell)
  13 profane servitors
  Nikola (Shoals:1)
  12 bone dragons
  9 doom hounds
  17 Tzitzimimeh
  13 Brimstone Fiends
  3 iron giants
  13 hellephants
  A shard shrike zombie (Tomb:2)
  14 Hell Sentinels
  3 electric golems
  A spectral shard shrike (Tar:1)
  23 Ice Fiends
  3 pandemonium lords (Pan)
  12 tentacled monstrosities
  Jorgrun (Orc:1)
  7 liches
  Mlioglotl (Snake:1)
  7 deep elf blademasters
  27 Orb Guardians
  24 tainted leviathans
  7 quicksilver dragons
  9 sphinxes
  26 titans
  A walking divine tome (Depths:3)
  14 Executioners
  8 deep elf master archers
  17 searing wretches
  12 acid blobs
  Gastronok (D:12)
  12 death cobs
  4 tentacled starspawn (Abyss:3)
  Frances (D:14)
  36 ancient champions
  21 storm dragons
  8 tengu reavers
  Donald (Orc:2)
  Aizul (Snake:2)
  7 revenants
  8 rockslimes
  8 draconian knights
  36 fire giants
  19 azure jellies
  An azure jelly (shapeshifter) (Vaults:5)
  18 nagarajas
  2 daevas (Depths:2)
  6 draconian monks
  14 shadow dragons
  17 narguns
  3 demonspawn warmongers (Pan)
  26 frost giants
  11 draconian scorchers
  13 iron dragons
  7 deep elf sorcerers
  A caustic shrike zombie (Depths:3)
  2 deep elf elementalists (Elf:3)
  13 vault wardens
  A ghost moth (Zot:4)
  12 quicksilver elementals
  35 balrugs
  2 spectral caustic shrikes
  2 spectral juggernauts
  12 shard shrike simulacra
  4 draconian stormcallers
  15 very ugly things
  2 angels
  10 quicksilver oozes
  12 draconian shifters
  6 curse skulls
  9 formless jellyfish
  2 orc warlords
  14 reapers
  7 demonspawn corrupters (Pan)
  7 ghouls
  A spriggan defender (Depths:2)
  3 demonspawn blood saints
  37 ironbound preservers
  7 draconian annihilators
  16 cacodemons (Pan)
  18 stone giants
  A broodmother (shapeshifter) (Vaults:5)
  5 vampire knights
  2 caustic shrike skeletons
  47 war gargoyles
  8 ironbound thunderhulks
  The ghost of Fubbytz the Imperceptible, a journeyman SpEn of Dithmenos (Shoals:2)
  27 elemental wellsprings
  21 putrid mouths
  Azrael (Orc:2)
  26 green draconians
  18 black draconians
  5 demonspawn black suns (Pan)
  22 red draconians
  An apis (Shoals:4)
  13 lorocyprocas
  2 bennus (Tomb:3)
  7 deep elf demonologists
  A minotaur (Gauntlet)
  15 purple draconians
  A spark wasp (shapeshifter) (Vaults:4)
  12 yellow draconians
  6 spark wasps
  13 deep elf annihilators
  8 eidola
  20 wendigos
  17 white draconians
  4 jiangshi (Crypt:3)
  13 dire elephants
  8 merfolk javelineers
  9 green deaths
  10 iron golems
  19 blizzard demons
  3 spectral spriggans
  20 mummy priests
  10 fire dragons
  14 merfolk impalers
  26 yaktaur captains
  A spectral quicksilver dragon (Crypt:3)
  14 ettins
  9 deep elf death magi
  11 deep elf high priests
  2 spectral krakens (Tar:7)
  An entropy weaver (shapeshifter) (Elf:1)
  2 entropy weavers
  15 great orbs of eyes
  2 spectral fenstrider witches (Tar:1)
  A rakshasa (Depths:1)
  17 salamander tyrants
  18 ice dragons
  A great orb of eyes (shapeshifter) (Vaults:5)
  A quicksilver dragon skeleton (Pan)
  36 vault guards
  A fenstrider witch zombie (Crypt:1)
  7 spriggan air magi
  5 juggernaut simulacra
  11 hydras
  2 ogre magi (Vaults:5)
  8 caustic shrike simulacra
  An alligator snapping turtle (Shoals:2)
  A merfolk avatar (Shoals:3)
  4 hell beasts
  9 ironbound frosthearts
  26 dancing weapons
  An anaconda (shapeshifter) (Elf:1)
  A sphinx zombie (Crypt:1)
  2 catoblepae
  4 anacondas
  6 stokers
  9 boulder beetles
  12 death yaks
  5 tengu warriors
  3 satyrs
  23 centaur warriors
  2 deep troll shamans
  2 spriggan skeletons
  7 vampire magi
  11 demonic crawlers
  17 naga warriors
  A sphinx skeleton (Depths:3)
  10 two-headed ogres
  A boulder beetle (shapeshifter) (Vaults:5)
  2 merfolk aquamancers (Shoals:4)
  35 death scarabs
  5 deep troll earth magi
  50 hell hogs
  A holy swine (Shoals:4)
  A spectral storm dragon (Tar:1)
  19 naga sharpshooters
  7 spriggan berserkers
  3 orc high priests
  12 shock serpents
  3 occultists
  A spectral dire elephant (Tar:6)
  11 hell knights
  56 sun demons
  A titan zombie (Crypt:1)
  Urug (Lair:5)
  A skyshark (shapeshifter) (Elf:3)
  7 crystal echidnas (Dis:7)
  5 skysharks
  21 deep elf knights
  3 wretched stars (Abyss:3)
  25 soul eaters
  27 large abominations
  A spectral spark wasp (Depths:4)
  Lodul (D:13)
  31 shadow wraiths
  A spectral bunyip (Crypt:3)
  43 skeletal warriors
  9 iron trolls
  2 salamander mystics (Snake:4)
  11 sixfirhies (Pan)
  5 quicksilver dragon simulacra
  21 sea snakes
  6 flayed ghosts
  12 shadow demons
  4 bog bodies
  5 cherubim
  A kraken simulacrum (Coc:7)
  A spectral hydra (Tar:6)
  2 obsidian statues
  8 arcanists
  3 swamp dragons
  8 naga ritualists
  19 deep elf archers
  A steelbarb worm (shapeshifter) (Vaults:5)
  102 deep trolls
  13 starcursed masses (Abyss:3)
  2 spriggan simulacra
  21 ironbound convokers
  17 lindwurms
  10 orc knights
  An orange crystal statue (Elf:1)
  28 phantasmal warriors
  13 necromancers
  A tengu zombie (Depths:1)
  2 spectral ettins
  A bunyip skeleton (Crypt:1)
  2 golden dragon skeletons
  A wolf spider (shapeshifter) (Depths:2)
  30 harpies
  42 deep elf pyromancers
  12 mana vipers
  A frost giant zombie (Crypt:2)
  9 fauns
  37 deep elf zephyrmancers
  A stone giant zombie (Tomb:3)
  42 ugly things
  12 manticores
  12 salamanders
  7 orc sorcerers
  6 cyclopes
  A spectral alligator snapping turtle (Crypt:3)
  A mana viper (shapeshifter) (Vaults:4)
  A formless jellyfish zombie (Crypt:3)
  22 moths of wrath
  4 water nymphs
  4 ice statues
  12 rust devils
  3 apocalypse crabs
  19 elephants
  7 guardian serpents
  A centaur zombie (Tomb:3)
  Maurice (D:10)
  10 merfolk sirens
  8 titan simulacra
  20 naga magi
  2 fire giant skeletons (Depths:1)
  A dire elephant zombie (Hell)
  25 vault sentinels
  2 human skeletons (Vaults:3)
  Maggie (D:7)
  An eye of devastation (Gauntlet)
  35 black mambas
  14 cane toads
  30 smoke demons
  Joseph (Lair:1)
  24 orange demons (Pan)
  An unseen horror (shapeshifter) (D:15)
  A gargoyle (D:13)
  16 molten gargoyles
  5 torpor snails (Lair:5)
  A shock serpent skeleton (Crypt:1)
  A storm dragon simulacrum (Coc:1)
  A naga skeleton (Crypt:1)
  28 tormentors
  9 rime drakes
  5 spectral swamp worms (Tar:7)
  Jeremiah (D:9)
  A black draconian zombie (Crypt:3)
  An unseen horror (D:13)
  37 hellions
  4 kobold demonologists
  4 tengu conjurers
  3 anaconda simulacra
  A minotaur zombie (Gauntlet)
  An alligator snapping turtle skeleton (Tomb:2)
  2 bunyip simulacra
  7 efreet
  14 komodo dragons
  A spectral naga (Tar:6)
  8 freezing wraiths
  35 yaktaurs
  3 elves (Elf:1)
  A death yak zombie (Crypt:2)
  A polar bear (Lair:5)
  42 guardian mummies
  4 ice devils
  2 harpy zombies
  3 spectral harpies
  A death drake zombie (Crypt:3)
  An ancient zyme (Abyss:3)
  4 red devils
  7 wind drakes
  A golden dragon simulacrum (Coc:4)
  12 hornets
  28 merfolk
  3 silent spectres
  11 trolls
  26 hellwings
  7 blink frogs
  2 blink frogs (shapeshifter)
  5 harpy skeletons
  A meliai zombie (Crypt:1)
  3 tyrant leeches (Lair:5)
  A satyr zombie (Crypt:3)
  4 glass eyes
  An ice dragon zombie (Hell)
  2 ettin zombies
  A fire dragon skeleton (Tomb:2)
  10 snapping turtles
  2 stone giant simulacra
  9 dream sheep
  A culicivora zombie (Crypt:3)
  59 flying skulls
  3 iron dragon simulacra
  15 shadows
  63 slime creatures
  A jumping spider (shapeshifter) (Vaults:4)
  A centaur simulacrum (Coc:1)
  A black mamba zombie (Tomb:2)
  7 water elementals
  4 air elementals
  2 vampires
  4 spriggans
  14 wraiths
  12 fire bats
  32 yaks
  11 ynoxinuls
  4 wyverns
  6 dire elephant simulacra
  35 ushabtiu
  2 basilisks
  22 chaos spawn
  8 golden eyes
  9 fire elementals
  23 neqoxecs
  3 steam dragons
  A redback (shapeshifter) (Depths:4)
  Menkaure (D:6)
  4 redbacks
  6 vampire mosquitoes
  3 wargs
  14 harpy simulacra
  A human zombie (Depths:3)
  2 acid dragons
  23 water moccasins
  52 nagas
  4 hell hounds
  2 hydra simulacra
  An ice beast (D:7)
  43 orc warriors
  2 sky beasts
  3 swamp drakes (Lair:5)
  5 black bears
  4 ettin simulacra
  A dream sheep zombie (Crypt:1)
  15 centaurs
  15 boggarts
  A dream sheep skeleton (Crypt:1)
  17 ogres
  A tengu (shapeshifter) (Vaults:5)
  A phantom (D:5)
  An elf zombie (Crypt:1)
  A komodo dragon zombie (Crypt:2)
  13 bullfrogs
  Blork the orc (D:6)
  8 kobold brigands
  3 earth elementals (Elf:1)
  A gnoll sergeant (D:9)
  A komodo dragon skeleton (Crypt:1)
  2 necrophages (Crypt:2)
  2 scorpions
  29 wights
  A naga simulacrum (Coc:7)
  A water moccasin skeleton (Crypt:2)
  A cyclops skeleton (Crypt:3)
  3 spriggan zombies
  3 lindwurm simulacra (IceCv)
  11 killer bees
  2 howler monkeys
  2 electric eels (Snake:3)
  A yak skeleton (Crypt:2)
  4 crimson imps (D:8)
  A quasit (D:8)
  10 hounds
  6 komodo dragon simulacra (IceCv)
  4 jellies (Lair:4)
  A gnoll bouda (D:9)
  22 orc priests
  2 bullfrog skeletons
  Ijyb (D:3)
  12 hell rats
  17 iguanas
  32 orc wizards
  A small abomination (Abyss:3)
  2 hound skeletons
  44 mummies
  9 gnolls
  4 acid dragon simulacra (IceCv)
  10 adders
  5 shadow imps
  16 white imps
  8 steam dragon simulacra (IceCv)
  9 ufetubi
  3 worms
  2 dart slugs (D:5)
  65 orcs
  12 endoplasms
  3 giant cockroaches
  6 hobgoblins
  4 jackals (D:1)
  24 kobolds
  6 quokkas
  7 ball pythons
  5 bats
  3 frilled lizards
  9 goblins
  9 rats
  A river rat skeleton (Crypt:3)
  A river rat zombie (Crypt:3)
  A ball lightning (Pan)
  A creeping inferno (Geh:3)
  4 fire vortices
  5 starspawn tentacles (Abyss:3)
  A tentacle (Tar:7)
4310 creatures vanquished.

Vanquished Creatures (collateral kills)
  Cerebov (Pan)
  Ereshkigal (Tar:7)
  the Serpent of Hell (Geh:7)
  Dispater (Dis:7)
  A profane servitor (Tar:7)
  An iron giant (Dis:7)
  A Brimstone Fiend (Geh:7)
  A tainted leviathan (Tar:7)
  An Ice Fiend (Coc:7)
  A titan (Pan)
  A fire giant (Geh:7)
  A nargun (Coc:7)
  A draconian annihilator (Pan)
  A stoker (Geh:7)
14 creatures vanquished.

Vanquished Creatures (others)
  A searing wretch (Geh:3)
  A titan (Coc:4)
  A shadow dragon (Vaults:5)
  A fire giant (Vaults:4)
  2 shard shrike simulacra (Coc:6)
  A deep elf elementalist (Elf:3)
  2 wendigos
  5 caustic shrike simulacra
  A soul eater (Pan)
  A hell knight (Depths:4)
  3 quicksilver dragon simulacra
  A spriggan simulacrum (Coc:7)
  A fenstrider witch simulacrum (Coc:1)
  A salamander (Snake:4)
  A moth of wrath (Zot:5)
  2 titan simulacra
  A hellion (Geh:1)
  2 anaconda simulacra
  A tormentor (Geh:4)
  A golden dragon simulacrum (Coc:3)
  An iron giant simulacrum (Coc:6)
  An iron dragon simulacrum (Coc:6)
  2 alligator snapping turtle simulacra (Coc:1)
  2 harpy simulacra
  A hydra simulacrum (Coc:5)
  3 ettin simulacra
  2 humans
  An ogre (Vaults:5)
  A naga simulacrum (Coc:6)
  An orc priest (Orc:2)
  A hell rat (Hell)
  3 orcs (Vaults:5)
  8 ball lightnings (Pan)
  3 creeping infernos
  A fire vortex (Geh:3)
  A lurking horror (Abyss:3)
  10 starspawn tentacles (Abyss:3)
  11 tentacles
83 creatures vanquished.

Grand Total: 4407 creatures vanquished

Table legend:
 A = Non-vault XP
 B = Vault XP
 C = Vault XP percentage of total XP
 D = Non-vault monster count
 E = Vault monster count
 F = Vault count percentage of total count
                 A         B        C        D         E       F
            +---------+---------+-------+---------+---------+-------
      Total | 1605314 | 1639614 |  50.5 |    2496 |    1700 |  40.5
            +---------+---------+-------+---------+---------+-------
        D:1 |      41 |       0 |   0.0 |      25 |       0 |   0.0
        D:2 |      76 |       0 |   0.0 |      23 |       0 |   0.0
        D:3 |      35 |     137 |  79.7 |      12 |       4 |  25.0
        D:4 |     735 |       0 |   0.0 |      24 |       0 |   0.0
        D:5 |     643 |     106 |  14.2 |      24 |       8 |  25.0
        D:6 |    2670 |     271 |   9.2 |      31 |       2 |   6.1
        D:7 |    1039 |    1632 |  61.1 |      16 |       6 |  27.3
        D:8 |    1558 |     345 |  18.1 |      36 |      16 |  30.8
        D:9 |    2217 |     370 |  14.3 |      33 |       1 |   2.9
       D:10 |    2325 |     462 |  16.6 |      22 |       1 |   4.3
       D:11 |    3863 |       0 |   0.0 |      17 |       0 |   0.0
       D:12 |    5695 |    1549 |  21.4 |      23 |       1 |   4.2
       D:13 |    8381 |    4585 |  35.4 |      19 |      16 |  45.7
       D:14 |    7049 |    1463 |  17.2 |      14 |       1 |   6.7
       D:15 |   21340 |    1698 |   7.4 |      37 |       2 |   5.1
     Lair:1 |    4095 |    1022 |  20.0 |      13 |       3 |  18.8
     Lair:2 |    6062 |    3604 |  37.3 |      18 |      23 |  56.1
     Lair:3 |    3843 |       0 |   0.0 |      12 |       0 |   0.0
     Lair:4 |   10717 |    1043 |   8.9 |      26 |      12 |  31.6
     Lair:5 |   22756 |   12296 |  35.1 |      44 |      45 |  50.6
   Shoals:1 |   16724 |    2294 |  12.1 |      33 |       1 |   2.9
   Shoals:2 |   16377 |    1980 |  10.8 |      32 |       3 |   8.6
   Shoals:3 |   12810 |       0 |   0.0 |      25 |       0 |   0.0
   Shoals:4 |   18080 |   27601 |  60.4 |      33 |      42 |  56.0
    Snake:1 |   11824 |    1757 |  12.9 |      26 |       1 |   3.7
    Snake:2 |   15356 |    9673 |  38.6 |      33 |      12 |  26.7
    Snake:3 |   26358 |       0 |   0.0 |      52 |       0 |   0.0
    Snake:4 |   30219 |   29681 |  49.6 |      61 |      34 |  35.8
    Slime:2 |    6353 |       0 |   0.0 |      10 |       0 |   0.0
    Slime:3 |    7662 |       0 |   0.0 |      10 |       0 |   0.0
    Slime:4 |   11459 |       0 |   0.0 |      14 |       0 |   0.0
    Slime:5 |   10875 |   18569 |  63.1 |      24 |      16 |  40.0
      Orc:1 |    2062 |    8393 |  80.3 |      38 |      32 |  45.7
      Orc:2 |    2627 |   12505 |  82.6 |      28 |      42 |  60.0
      Elf:1 |   20946 |   10580 |  33.6 |      38 |      16 |  29.6
      Elf:2 |   15052 |   22694 |  60.1 |      31 |      30 |  49.2
      Elf:3 |   10598 |   38423 |  78.4 |      18 |      40 |  69.0
   Vaults:1 |   44854 |   18912 |  29.7 |      63 |      27 |  30.0
   Vaults:2 |   27479 |   26287 |  48.9 |      42 |      37 |  46.8
   Vaults:3 |   40793 |   25025 |  38.0 |      57 |      36 |  38.7
   Vaults:4 |   42969 |  110649 |  72.0 |      60 |     109 |  64.5
   Vaults:5 |   32947 |   62420 |  65.5 |      41 |      57 |  58.2
    Crypt:1 |   24725 |       0 |   0.0 |      44 |       0 |   0.0
    Crypt:2 |   31972 |   48030 |  60.0 |      44 |      51 |  53.7
    Crypt:3 |   29009 |   44171 |  60.4 |      36 |      76 |  67.9
     Tomb:1 |    8285 |   98705 |  92.3 |      33 |      69 |  67.6
     Tomb:2 |   13312 |   42588 |  76.2 |      38 |      54 |  58.7
     Tomb:3 |    9208 |   48715 |  84.1 |      20 |      59 |  74.7
   Depths:1 |   22988 |    5039 |  18.0 |      32 |       4 |  11.1
   Depths:2 |   40083 |   11933 |  22.9 |      54 |      16 |  22.9
   Depths:3 |   26168 |   22015 |  45.7 |      35 |      19 |  35.2
   Depths:4 |   23185 |   28910 |  55.5 |      24 |      22 |  47.8
       Hell |   27078 |   18896 |  41.1 |      45 |      25 |  35.7
      Dis:1 |    9807 |    9616 |  49.5 |       8 |      11 |  57.9
      Dis:3 |    3423 |       0 |   0.0 |       3 |       0 |   0.0
      Dis:4 |   22400 |       0 |   0.0 |      13 |       0 |   0.0
      Dis:5 |   16883 |       0 |   0.0 |       9 |       0 |   0.0
      Dis:6 |   32008 |       0 |   0.0 |      16 |       0 |   0.0
      Dis:7 |   25026 |  124491 |  83.3 |      16 |      83 |  83.8
      Geh:1 |   24814 |       0 |   0.0 |      30 |       0 |   0.0
      Geh:2 |    5683 |       0 |   0.0 |       8 |       0 |   0.0
      Geh:3 |   16830 |    6037 |  26.4 |      14 |       5 |  26.3
      Geh:4 |   19883 |       0 |   0.0 |      15 |       0 |   0.0
      Geh:7 |   22538 |   95824 |  81.0 |      13 |      75 |  85.2
      Coc:1 |    9082 |       0 |   0.0 |      18 |       0 |   0.0
      Coc:3 |   17218 |       0 |   0.0 |      18 |       0 |   0.0
      Coc:4 |   31504 |       0 |   0.0 |      32 |       0 |   0.0
      Coc:5 |   22124 |       0 |   0.0 |      22 |       0 |   0.0
      Coc:6 |   28784 |       0 |   0.0 |      27 |       0 |   0.0
      Coc:7 |   27267 |  101514 |  78.8 |      27 |      73 |  73.0
      Tar:1 |   22937 |       0 |   0.0 |      20 |       0 |   0.0
      Tar:2 |    2462 |       0 |   0.0 |       3 |       0 |   0.0
      Tar:4 |   20821 |       0 |   0.0 |      13 |       0 |   0.0
      Tar:5 |    2107 |       0 |   0.0 |       1 |       0 |   0.0
      Tar:6 |   25712 |   40564 |  61.2 |      20 |      31 |  60.8
      Tar:7 |    7969 |   90313 |  91.9 |       9 |      53 |  85.5
      Zot:1 |   21602 |     982 |   4.3 |      18 |       1 |   5.3
      Zot:2 |   46556 |   40115 |  46.3 |      42 |      37 |  46.8
      Zot:3 |   16060 |   17012 |  51.4 |      12 |      13 |  52.0
      Zot:4 |   50606 |   10236 |  16.8 |      44 |       8 |  15.4
      Zot:5 |   40938 |  107238 |  72.4 |      39 |      43 |  52.4
    Abyss:3 |    8129 |    8823 |  52.0 |      21 |       9 |  30.0
        Pan |  218564 |  148798 |  40.5 |     322 |     134 |  29.4
      IceCv |       0 |    3731 | 100.0 |       0 |      28 | 100.0
    Volcano |       0 |    2632 | 100.0 |       0 |      10 | 100.0
   Gauntlet |       0 |    4660 | 100.0 |       0 |      15 | 100.0
            +---------+---------+-------+---------+---------+-------

Skill      XL: |  1  2  3  4  5  6  7  8  9 10 11 12 13 14 15 16 17 18 19 20 21 22 23 24 25 26 27 |
---------------+----------------------------------------------------------------------------------+-----
Fighting       | 3 4 5 6 8 9 11 12 15 19 20 21 22 27 | 27.0
Maces & Flails | 1 |  1.9
Axes           | 4 6 8 10 13 18 19 21 27 | 27.0
Evocations     | 1 4 5 10 16 | 16.0
Armour         | 6 10 12 19 20 22 27 | 27.0
Dodging        | 6 10 12 14 16 24 | 24.7
Invocations    | 3 8 10 14 | 14.0
Shields        | 6 10 12 15 17 20 27 | 27.0
Shapeshifting  | 7 10 11 13 17 20 23 | 23.0
Throwing       | 3 27 | 27.0
Spellcasting   | 4 |  4.0
Translocations | 12 | 12.0
Air Magic      | 8 |  8.0
Short Blades   | |  2.1
Stealth        | |  3.2

Action                     |  1- 3 |  4- 6 |  7- 9 | 10-12 | 13-15 | 16-18 | 19-21 | 22-24 | 25-27 || total
---------------------------+-------+-------+-------+-------+-------+-------+-------+-------+-------++-------
  Melee: Dagger            |    89 |   107 |       |       |       |       |       |       |       ||   196
         Headbutt          |    12 |    19 |    46 |   125 |   217 |   303 |   262 |   341 |  2937 ||  4262
         War axe           |       |    14 |   314 |   278 |       |       |       |       |       ||   606
         Punch             |       |     1 |     2 |     3 |       |       |       |       |       ||     6
         Battleaxe         |       |       |       |   291 |    69 |       |       |       |       ||   360
         Unarmed           |       |       |       |     3 |       |       |       |       |       ||     3
         Flail             |       |       |       |     3 |       |       |       |       |       ||     3
         Broad axe         |       |       |       |       |   762 |  1051 |   957 |  1011 |  8031 || 11812
  Throw: Dart              |    15 |    31 |    14 |    23 |     2 |       |       |       |       ||    85
         Throwing net      |       |       |     1 |     1 |       |       |       |       |       ||     2
         Javelin           |       |       |       |       |       |       |     1 |       |   211 ||   212
   Cast: Manifold Assault  |       |       |       |       |       |       |       |       |     3 ||     3
 Invoke: Heroism           |       |       |       |       |    14 |    17 |     7 |       |       ||    38
         Receive Weapon    |       |       |       |       |     1 |       |       |       |       ||     1
         Receive Armour    |       |       |       |       |     1 |       |       |       |       ||     1
         Finesse           |       |       |       |       |     5 |     7 |     6 |       |       ||    18
         Greater Servant o |       |       |       |       |       |       |       |       |    23 ||    23
  Evoke: Wand              |       |     1 |     7 |    34 |    15 |     2 |    10 |     1 |     1 ||    71
         Lightning rod     |       |       |       |       |    11 |       |     9 |       |       ||    20
         Box of beasts     |       |       |       |       |       |       |       |       |     5 ||     5
         Phantom mirror    |       |       |       |       |       |       |       |       |     5 ||     5
         Horn of Geryon    |       |       |       |       |       |       |       |       |     1 ||     1
    Use: Scroll            |       |     1 |     5 |    13 |    12 |     5 |    13 |     6 |    30 ||    85
         Potion            |       |     1 |       |     1 |     6 |     2 |     2 |     1 |    37 ||    50
   Stab: Sleeping          |    11 |     1 |       |     2 |     3 |       |       |       |       ||    17
         Distracted        |       |       |       |     1 |       |     1 |       |     1 |    28 ||    31
         Held in net/web   |       |       |       |     1 |       |       |       |       |       ||     1
         Invisible         |       |       |       |       |       |       |       |       |    45 ||    45
 Armour: Robe              |    16 |       |       |       |       |       |       |       |       ||    16
         Leather armour    |    16 |    30 |       |       |       |       |       |       |       ||    46
         Scale mail        |       |    42 |   271 |   278 |       |       |       |       |       ||   591
         Skin              |       |       |       |     4 |       |       |       |       |       ||     4
         Ring mail         |       |       |       |    17 |   241 |       |       |       |       ||   258
         Crystal plate arm |       |       |       |       |   150 |   649 |   604 |   564 |  3152 ||  5119
  Dodge: Dodged            |    33 |    51 |   175 |   316 |   298 |   285 |   303 |   261 |  1737 ||  3459
  Block: Kite shield       |       |       |       |       |   376 |   740 |   659 |   125 |       ||  1900
         Tower shield      |       |       |       |       |       |       |       |   925 |  8159 ||  9084
   Form: Death             |       |       |       |       |       |       |       |       |     5 ||     5
                           |       |       |       |       |       |       |       |       |     4 ||     4

Illustrated notes

Table legend:
 A = Kills in this place as a percentage of kills in the entire game.
 B = Kills by you in this place as a percentage of kills by you in the entire game.
 C = Kills by friends in this place as a percentage of kills by friends in the entire game.
 D = Other kills in this place as a percentage of other kills in the entire game.
 E = Experience gained in this place as a percentage of experience gained in the entire game.
 F = Experience gained in this place divided by the number of levels of this place that you have seen.
                   A       B       C       D       E      F
               +-------+-------+-------+-------+-------+----------------------
         Total | 100.0 | 100.0 | 100.0 | 100.0 | 100.0 | 29732.8
       Dungeon |  10.0 |  10.1 |   0.0 |   0.0 |   2.4 | 5272.6
          Lair |   4.6 |   4.7 |   0.0 |   0.0 |   2.0 | 13087.6
        Shoals |   4.0 |   4.0 |   0.0 |   0.0 |   2.9 | 23966.5
     Snake Pit |   5.2 |   5.2 |   0.0 |   5.0 |   3.8 | 31217.0
    Slime Pits |   1.8 |   1.8 |   0.0 |   0.0 |   1.7 | 10983.6
  Orcish Mines |   3.3 |   3.3 |   0.0 |   0.0 |   0.8 | 12793.5
   Elven Halls |   4.1 |   4.1 |   0.0 |   5.0 |   3.6 | 39431.0
        Vaults |  12.5 |  12.6 |   0.0 |  10.0 |  13.2 | 86467.0
         Crypt |   5.9 |   6.0 |   0.0 |   0.0 |   5.4 | 59302.3
          Tomb |   6.5 |   6.5 |   0.0 |   0.0 |   6.8 | 73604.3
        Depths |   5.1 |   5.1 |   0.0 |   5.0 |   5.8 | 47545.5
          Hell |   1.7 |   1.7 |   0.0 |   0.0 |   1.4 | 45974.0
           Dis |   3.8 |   3.7 |  14.3 |   0.0 |   7.4 | 34807.7
       Gehenna |   3.8 |   3.7 |  28.6 |  15.0 |   5.9 | 31934.8
       Cocytus |   5.1 |   4.9 |  14.3 |  50.0 |   7.3 | 33927.6
      Tartarus |   3.6 |   3.5 |  21.4 |   0.0 |   6.5 | 30412.1
           Zot |   6.3 |   6.3 |   0.0 |   5.0 |  11.0 | 71672.0
         Abyss |   0.7 |   0.7 |   0.0 |   0.0 |   0.5 | 4238.0
   Pandemonium |  10.8 |  10.8 |  21.4 |   5.0 |  11.2 | 24490.8
      Ice Cave |   0.7 |   0.7 |   0.0 |   0.0 |   0.1 | 3731.0
       Volcano |   0.2 |   0.2 |   0.0 |   0.0 |   0.1 | 2632.0
      Gauntlet |   0.4 |   0.4 |   0.0 |   0.0 |   0.1 | 4660.0
               +-------+-------+-------+-------+-------+----------------------

Table legend: (Time is in decaauts)
 A = Elapsed time spent in this place.
 B = Non-inter-level travel time spent in this place.
 C = Inter-level travel time spent in this place.
 D = Time resting spent in this place.
 E = Time spent auto-exploring this place.
 F = Levels seen in this place.
 G = Mean time per level.
                   A        B        C        D        E       F      G
               +--------+--------+--------+--------+--------+-----+--------+
         Total |  85702 |  75915 |   9787 |   8223 |  44436 | 110 |  779.1 |
       Dungeon |  17343 |  13898 |   3445 |   1589 |   9005 |  15 | 1156.2 |
        Temple |    145 |      5 |    140 |      0 |      0 |   1 |  145.0 |
          Lair |   7209 |   5797 |   1412 |    439 |   3706 |   5 | 1441.8 |
        Shoals |   4247 |   4085 |    162 |    576 |   2737 |   4 | 1061.8 |
     Snake Pit |   5932 |   5359 |    573 |    869 |   3398 |   4 | 1483.0 |
    Slime Pits |    669 |    613 |     56 |     68 |      4 |   5 |  133.8 |
  Orcish Mines |   2270 |   2065 |    205 |    399 |   1218 |   2 | 1135.0 |
   Elven Halls |   3727 |   3575 |    152 |    562 |   2171 |   3 | 1242.3 |
        Vaults |   8878 |   8106 |    772 |    915 |   5048 |   5 | 1775.6 |
         Crypt |   3610 |   3295 |    315 |    196 |   1966 |   3 | 1203.3 |
          Tomb |   2456 |   2157 |    299 |    100 |   1072 |   3 |  818.7 |
        Depths |   5647 |   4583 |   1064 |    484 |   3117 |   4 | 1411.8 |
          Hell |    680 |    626 |     54 |    144 |    217 |   1 |  680.0 |
           Dis |   2922 |   2766 |    156 |    283 |   1431 |   7 |  417.4 |
       Gehenna |   2088 |   2018 |     70 |     33 |   1171 |   6 |  348.0 |
       Cocytus |   1317 |   1269 |     48 |     62 |    310 |   7 |  188.1 |
      Tartarus |   1567 |   1336 |    231 |    101 |    351 |   7 |  223.9 |
           Zot |   6523 |   5895 |    628 |    525 |   3596 |   5 | 1304.6 |
         Abyss |    298 |    298 |      0 |      0 |    117 |   4 |   74.5 |
   Pandemonium |   6410 |   6410 |      0 |    355 |   3450 |  15 |  427.3 |
         Trove |     22 |     22 |      0 |      0 |      0 |   1 |   22.0 |
      Ice Cave |    844 |    844 |      0 |    355 |    191 |   1 |  844.0 |
       Volcano |    266 |    266 |      0 |      2 |      0 |   1 |  266.0 |
      Gauntlet |    625 |    625 |      0 |    162 |    159 |   1 |  625.0 |
               +--------+--------+--------+--------+--------+-----+--------+

Top non-repeatable levels by time:
Vaults:4: 2261 daAuts
   Dis:7: 2253 daAuts
  Lair:5: 2145 daAuts
Depths:2: 2118 daAuts
 Snake:4: 1932 daAuts
Vaults:2: 1816 daAuts
Vaults:1: 1746 daAuts
   Elf:3: 1726 daAuts
   Zot:2: 1724 daAuts
     D:6: 1645 daAuts
  Lair:2: 1572 daAuts
    D:15: 1557 daAuts
Vaults:3: 1536 daAuts
Shoals:4: 1519 daAuts
Vaults:5: 1517 daAuts
